Workbook
Name class: #REF!
Name Compras_Suministro: #REF!
Name Diseño: #REF!
Name Honorarios: #REF!
Name ica: #REF!
Name Interventoria_Consultoria: #REF!
Name Obra_Pública: #REF!
Name OLE_LINK1: 'COT 2025'!#REF!
Name OLE_LINK1: 'COT 2026 '!#REF!
Name RowTitleRegion1..D18: #REF!
Name Servicios_Generales: #REF!
Name Titulo1: #REF!
Name Titulo2: #REF!
Name Título3: #REF!
Name Transporte_Carga: #REF!
Name Transporte_Restaurante: #REF!

Sheet ANALISIS
A1: AHORRO SI SE REALIZA ADICIÓN Y PRORROGA | D1: =U44/T44 -> 0.18269623
A4: ITEM | B4: ACTIVIDAD | C4: ITEM | D4: UNIDAD DE MEDIDA | E4: CANT ESTIMADA CONTRATO | F4: COTIZACIÓN | P4: ESTUDIO DE MERCADO | U4: DIFERENCIA
F5: COTIZACIÓN SERVICIOS 2025 | K5: COTIZACIÓN SERVICIOS 2026
F6: PLAZO | G6: VALOR UNITARIO ANTES DE IVA | H6: VALOR DEL IVA | I6: VALOR UNITARIO INCLUIDO IVA | J6: V/TOTAL INCLUIDO IVA | K6: PLAZO | L6: VALOR UNITARIO ANTES DE IVA | M6: VALOR DEL IVA | N6: VALOR UNITARIO INCLUIDO IVA | O6: V/TOTAL INCLUIDO IVA | P6: PLAZO | Q6: VALOR UNITARIO ANTES DE IVA | R6: VALOR DEL IVA | S6: VALOR UNITARIO INCLUIDO IVA | T6: V/TOTAL INCLUIDO IVA
A7: 1 | B7: MENSAJERIA | C7: URBANO | D7: SOBRE MEDIA CARTA Y/O CARTA/COBRO MENSUAL | E7: 854 | F7: 5 | G7: =ROUND('COT 2025'!G13,0) -> 11300 | H7: 0 | I7: =ROUND((G7+H7),0) -> 11300 | J7: =ROUND(I7*E7*F7,0) -> 48251000 | K7: 7 | L7: 11842.4 | M7: 0 | N7: =ROUND((L7+M7),0) -> 11842 | O7: =ROUND(N7*E7*K7,0) -> 70791476 | P7: 12 | Q7: =ROUND('COPIA - Estudio de mercado'!X4,0) -> 13765 | R7: 0 | S7: =ROUND(Q7+R7,0) -> 13765 | T7: =ROUND(E7*P7*S7,0) -> 141063720 | U7: =ROUND(T7-(O7+J7),0) -> 22021244
A8: 2 | B8: MENSAJERIA | C8: NACIONAL | D8: SOBRE MEDIA CARTA Y/O CARTA/COBRO MENSUAL | E8: 1547 | F8: 5 | G8: =ROUND('COT 2025'!G14,0) -> 18200 | H8: 0 | I8: =ROUND((G8+H8),0) -> 18200 | J8: =ROUND(I8*E8*F8,0) -> 140777000 | K8: 7 | L8: 19073.6 | M8: 0 | N8: =ROUND((L8+M8),0) -> 19074 | O8: =ROUND(N8*E8*K8,0) -> 206552346 | P8: 12 | Q8: =ROUND('COPIA - Estudio de mercado'!X5,0) -> 22200 | R8: 0 | S8: =ROUND(Q8+R8,0) -> 22200 | T8: =ROUND(E8*P8*S8,0) -> 412120800 | U8: =ROUND(T8-(O8+J8),0) -> 64791454
A9: 3 | B9: MENSAJERIA | C9: REGIONAL | D9: SOBRE MEDIA CARTA Y/O CARTA/COBRO MENSUAL | E9: 107 | F9: 5 | G9: =ROUND('COT 2025'!G15,0) -> 16800 | H9: 0 | I9: =ROUND((G9+H9),0) -> 16800 | J9: =ROUND(I9*E9*F9,0) -> 8988000 | K9: 7 | L9: 17606.4 | M9: 0 | N9: =ROUND((L9+M9),0) -> 17606 | O9: =ROUND(N9*E9*K9,0) -> 13186894 | P9: 12 | Q9: =ROUND('COPIA - Estudio de mercado'!X6,0) -> 20011 | R9: 0 | S9: =ROUND(Q9+R9,0) -> 20011 | T9: =ROUND(E9*P9*S9,0) -> 25694124 | U9: =ROUND(T9-(O9+J9),0) -> 3519230
A10: 4 | B10: MENSAJERIA | C10: TRAYECTO ESPECIAL | D10: SOBRE MEDIA CARTA Y/O CARTA/COBRO MENSUAL | E10: 160 | F10: 5 | G10: =ROUND('COT 2025'!G16,0) -> 35500 | H10: 0 | I10: =ROUND((G10+H10),0) -> 35500 | J10: =ROUND(I10*E10*F10,0) -> 28400000 | K10: 7 | L10: 37204 | M10: 0 | N10: =ROUND((L10+M10),0) -> 37204 | O10: =ROUND(N10*E10*K10,0) -> 41668480 | P10: 12 | Q10: =ROUND('COPIA - Estudio de mercado'!X7,0) -> 43217 | R10: 0 | S10: =ROUND(Q10+R10,0) -> 43217 | T10: =ROUND(E10*P10*S10,0) -> 82976640 | U10: =ROUND(T10-(O10+J10),0) -> 12908160
A11: 5 | B11: MENSAJERIA | C11: INTERNACIONAL | D11: SOBRE MEDIA CARTA Y/O CARTA/COBRO MENSUAL | E11: 4 | F11: 5 | G11: =ROUND('COT 2025'!G17,0) -> 310000 | H11: 0 | I11: =ROUND((G11+H11),0) -> 310000 | J11: =ROUND(I11*E11*F11,0) -> 6200000 | K11: 7 | L11: 324880 | M11: 0 | N11: =ROUND((L11+M11),0) -> 324880 | O11: =ROUND(N11*E11*K11,0) -> 9096640 | P11: 12 | Q11: =ROUND('COPIA - Estudio de mercado'!X8,0) -> 407095 | R11: 0 | S11: =ROUND(Q11+R11,0) -> 407095 | T11: =ROUND(E11*P11*S11,0) -> 19540560 | U11: =ROUND(T11-(O11+J11),0) -> 4243920
A12: 6 | B12: SERVICIO DE TULAS | C12: URBANO (INCLUYE RECEPCIÓN DE TULA EN EL PUNTO DE ATENCIÓN, TRANSPORTE A SITIO DESTINO, LA ENTREGA EFECTIVA DE LA TULA CON SU RESPECTIVO PRECINTO DE SEGURIDAD Y LA GUIA, SE DEBE CONTAR CON EL STOCK DE TULAS NECESARIO PARA LA PRESTACIÓN DEL SERVICIO) | D12: TULA (0 a 25KG PROMEDIO) / COBRO MENSUAL | E12: 144 | F12: 5 | G12: =ROUND('COT 2025'!G18,0) -> 108000 | H12: 0 | I12: =ROUND((G12+H12),0) -> 108000 | J12: =ROUND(I12*E12*F12,0) -> 77760000 | K12: 7 | L12: 113184 | M12: 0 | N12: =ROUND((L12+M12),0) -> 113184 | O12: =ROUND(N12*E12*K12,0) -> 114089472 | P12: 12 | Q12: =ROUND('COPIA - Estudio de mercado'!X9,0) -> 133567 | R12: 0 | S12: =ROUND(Q12+R12,0) -> 133567 | T12: =ROUND(E12*P12*S12,0) -> 230803776 | U12: =ROUND(T12-(O12+J12),0) -> 38954304
A13: 7 | B13: SERVICIO DE TULAS | C13: NACIONAL (INCLUYE RECEPCIÓN DE TULA EN EL PUNTO DE ATENCIÓN, TRANSPORTE A SITIO DESTINO, LA ENTREGA EFECTIVA DE LA TULA CON SU RESPECTIVO PRECINTO DE SEGURIDAD Y LA GUIA, SE DEBE CONTAR CON EL STOCK DE TULAS NECESARIO PARA LA PRESTACIÓN DEL SERVICIO) | D13: TULA (0 a 25KG PROMEDIO) / COBRO MENSUAL | E13: 554 | F13: 5 | G13: =ROUND('COT 2025'!G19,0) -> 132000 | H13: 0 | I13: =ROUND((G13+H13),0) -> 132000 | J13: =ROUND(I13*E13*F13,0) -> 365640000 | K13: 7 | L13: 138336 | M13: 0 | N13: =ROUND((L13+M13),0) -> 138336 | O13: =ROUND(N13*E13*K13,0) -> 536467008 | P13: 12 | Q13: =ROUND('COPIA - Estudio de mercado'!X10,0) -> 166505 | R13: 0 | S13: =ROUND(Q13+R13,0) -> 166505 | T13: =ROUND(E13*P13*S13,0) -> 1106925240 | U13: =ROUND(T13-(O13+J13),0) -> 204818232
A14: 8 | B14: SERVICIO DE TULAS | C14: REGIONAL (INCLUYE RECEPCIÓN DE TULA EN EL PUNTO DE ATENCIÓN, TRANSPORTE A SITIO DESTINO, LA ENTREGA EFECTIVA DE LA TULA CON SU RESPECTIVO PRECINTO DE SEGURIDAD Y LA GUIA, SE DEBE CONTAR CON EL STOCK DE TULAS NECESARIO PARA LA PRESTACIÓN DEL SERVICIO) | D14: TULA (0 a 25KG PROMEDIO) / COBRO MENSUAL | E14: 22 | F14: 5 | G14: =ROUND('COT 2025'!G20,0) -> 120000 | H14: 0 | I14: =ROUND((G14+H14),0) -> 120000 | J14: =ROUND(I14*E14*F14,0) -> 13200000 | K14: 7 | L14: 125760 | M14: 0 | N14: =ROUND((L14+M14),0) -> 125760 | O14: =ROUND(N14*E14*K14,0) -> 19367040 | P14: 12 | Q14: =ROUND('COPIA - Estudio de mercado'!X11,0) -> 152614 | R14: 0 | S14: =ROUND(Q14+R14,0) -> 152614 | T14: =ROUND(E14*P14*S14,0) -> 40290096 | U14: =ROUND(T14-(O14+J14),0) -> 7723056
A15: 9 | B15: SERVICIO DE TULAS | C15: TRAYECTO ESPECIAL (INCLUYE RECEPCIÓN DE TULA EN EL PUNTO DE ATENCIÓN, TRANSPORTE A SITIO DESTINO, LA ENTREGA EFECTIVA DE LA TULA CON SU RESPECTIVO PRECINTO DE SEGURIDAD Y LA GUIA, SE DEBE CONTAR CON EL STOCK DE TULAS NECESARIO PARA LA PRESTACIÓN DEL SERVICIO) | D15: TULA (0 a 25KG PROMEDIO) / COBRO MENSUAL | E15: 79 | F15: 5 | G15: =ROUND('COT 2025'!G21,0) -> 300000 | H15: 0 | I15: =ROUND((G15+H15),0) -> 300000 | J15: =ROUND(I15*E15*F15,0) -> 118500000 | K15: 7 | L15: 314400 | M15: 0 | N15: =ROUND((L15+M15),0) -> 314400 | O15: =ROUND(N15*E15*K15,0) -> 173863200 | P15: 12 | Q15: =ROUND('COPIA - Estudio de mercado'!X12,0) -> 365029 | R15: 0 | S15: =ROUND(Q15+R15,0) -> 365029 | T15: =ROUND(E15*P15*S15,0) -> 346047492 | U15: =ROUND(T15-(O15+J15),0) -> 53684292
A16: 10 | B16: MENSAJEROS POR DIA PARA DILIGENCIAS NOTARIALES E IMPUESTOS | C16: NACIONAL - DILIGENCIAS POR DÍA PARA NOTARIAS Y PRESENTACION DE IMPUESTOS A NIVEL NACIONAL. NO INCLUYE A LA CIUDAD DE BOGOTÁ NI EL DEPARTAMENTO DE CUNDINAMARCA | D16: TOTAL DE DÍAS MENSAJERO/COBRO POR DILIGENCIA | E16: 12 | F16: 5 | G16: =ROUND('COT 2025'!G22,0) -> 278000 | H16: 0 | I16: =ROUND((G16+H16),0) -> 278000 | J16: =ROUND(I16*E16*F16,0) -> 16680000 | K16: 7 | L16: 291344 | M16: 0 | N16: =ROUND((L16+M16),0) -> 291344 | O16: =ROUND(N16*E16*K16,0) -> 24472896 | P16: 12 | Q16: =ROUND('COPIA - Estudio de mercado'!X13,0) -> 332700 | R16: 0 | S16: =ROUND(Q16+R16,0) -> 332700 | T16: =ROUND(E16*P16*S16,0) -> 47908800 | U16: =ROUND(T16-(O16+J16),0) -> 6755904
A17: 11 | B17: MENSAJEROS POR DIA PARA DILIGENCIAS NOTARIALES E IMPUESTOS | C17: REGIONAL - DILIGENCIAS POR DÍA PARA NOTARIAS Y PRESENTACION DE IMPUESTOS A NIVEL NACIONAL. NO INCLUYE A LA CIUDAD DE BOGOTÁ NI EL DEPARTAMENTO DE CUNDINAMARCA | D17: TOTAL DE DÍAS MENSAJERO/COBRO POR DILIGENCIA | E17: 1 | F17: 5 | G17: =ROUND('COT 2025'!G23,0) -> 270000 | H17: 0 | I17: =ROUND((G17+H17),0) -> 270000 | J17: =ROUND(I17*E17*F17,0) -> 1350000 | K17: 7 | L17: 282960 | M17: 0 | N17: =ROUND((L17+M17),0) -> 282960 | O17: =ROUND(N17*E17*K17,0) -> 1980720 | P17: 12 | Q17: =ROUND('COPIA - Estudio de mercado'!X14,0) -> 325093 | R17: 0 | S17: =ROUND(Q17+R17,0) -> 325093 | T17: =ROUND(E17*P17*S17,0) -> 3901116 | U17: =ROUND(T17-(O17+J17),0) -> 570396
A18: 12 | B18: MENSAJEROS POR DIA PARA DILIGENCIAS NOTARIALES E IMPUESTOS | C18: TRAYECTOS ESPECIALES - DILIGENCIAS POR DÍA PARA NOTARIAS Y PRESENTACION DE IMPUESTOS A NIVEL NACIONAL. NO INCLUYE A LA CIUDAD DE BOGOTÁ NI EL DEPARTAMENTO DE CUNDINAMARCA. | D18: TOTAL DE DÍAS MENSAJERO/COBRO POR DILIGENCIA | E18: 1 | F18: 5 | G18: =ROUND('COT 2025'!G24,0) -> 285000 | H18: 0 | I18: =ROUND((G18+H18),0) -> 285000 | J18: =ROUND(I18*E18*F18,0) -> 1425000 | K18: 7 | L18: 298680 | M18: 0 | N18: =ROUND((L18+M18),0) -> 298680 | O18: =ROUND(N18*E18*K18,0) -> 2090760 | P18: 12 | Q18: =ROUND('COPIA - Estudio de mercado'!X15,0) -> 368923 | R18: 0 | S18: =ROUND(Q18+R18,0) -> 368923 | T18: =ROUND(E18*P18*S18,0) -> 4427076 | U18: =ROUND(T18-(O18+J18),0) -> 911316
A19: 13 | B19: APOYO A FERIAS INMOBILIARIAS | C19: REGIONAL (ASISTENCIA A EVENTUALES DILIGENCIAS DE FERIAS INMOBILIARIAS, ACTIVIDAD QUE INCLUYE LOS GASTOS ASOCIADOS AL TRASLADO A LA FERIA) | D19: TOTAL DE DÍAS ASISTENCIA/COBRO POR TURNO | E19: 1 | F19: 5 | G19: =ROUND('COT 2025'!G25,0) -> 505000 | H19: =+ROUND(G19*0.19,0) -> 95950 | I19: =ROUND((G19+H19),0) -> 600950 | J19: =ROUND(I19*E19*F19,0) -> 3004750 | K19: 7 | L19: 529240 | M19: =+ROUND(L19*0.19,0) -> 100556 | N19: =ROUND((L19+M19),0) -> 629796 | O19: =ROUND(N19*E19*K19,0) -> 4408572 | P19: 12 | Q19: =ROUND('COPIA - Estudio de mercado'!X16,0) -> 701800 | R19: =+ROUND(Q19*0.19,0) -> 133342 | S19: =ROUND(Q19+R19,0) -> 835142 | T19: =ROUND(E19*P19*S19,0) -> 10021704 | U19: =ROUND(T19-(O19+J19),0) -> 2608382
A20: 14 | C20: NACIONAL (ASISTENCIA A EVENTUALES DILIGENCIAS DE FERIAS INMOBILIARIAS, ACTIVIDAD QUE INCLUYE LOS GASTOS ASOCIADOS AL TRASLADO A LA FERIA) | D20: TOTAL DE DÍAS ASISTENCIA/COBRO POR TURNO | E20: 1 | F20: 5 | G20: =ROUND('COT 2025'!G26,0) -> 590000 | H20: =+ROUND(G20*0.19,0) -> 112100 | I20: =ROUND((G20+H20),0) -> 702100 | J20: =ROUND(I20*E20*F20,0) -> 3510500 | K20: 7 | L20: 618320 | M20: =+ROUND(L20*0.19,0) -> 117481 | N20: =ROUND((L20+M20),0) -> 735801 | O20: =ROUND(N20*E20*K20,0) -> 5150607 | P20: 12 | Q20: =ROUND('COPIA - Estudio de mercado'!X17,0) -> 787441 | R20: =+ROUND(Q20*0.19,0) -> 149614 | S20: =ROUND(Q20+R20,0) -> 937055 | T20: =ROUND(E20*P20*S20,0) -> 11244660 | U20: =ROUND(T20-(O20+J20),0) -> 2583553
A21: 15 | C21: TRAYECTO ESPECIAL (ASISTENCIA A EVENTUALES DILIGENCIAS DE FERIAS INMOBILIARIAS, ACTIVIDAD QUE INCLUYE LOS GASTOS ASOCIADOS AL TRASLADO A LA FERIA) | D21: TOTAL DE DÍAS ASISTENCIA/COBRO POR TURNO | E21: 1 | F21: 5 | G21: =ROUND('COT 2025'!G27,0) -> 830000 | H21: =+ROUND(G21*0.19,0) -> 157700 | I21: =ROUND((G21+H21),0) -> 987700 | J21: =ROUND(I21*E21*F21,0) -> 4938500 | K21: 7 | L21: 869840 | M21: =+ROUND(L21*0.19,0) -> 165270 | N21: =ROUND((L21+M21),0) -> 1035110 | O21: =ROUND(N21*E21*K21,0) -> 7245770 | P21: 12 | Q21: =ROUND('COPIA - Estudio de mercado'!X18,0) -> 1004559 | R21: =+ROUND(Q21*0.19,0) -> 190866 | S21: =ROUND(Q21+R21,0) -> 1195425 | T21: =ROUND(E21*P21*S21,0) -> 14345100 | U21: =ROUND(T21-(O21+J21),0) -> 2160830
A22: 16 | B22: APOYO RADICACIÓN SEDE PRINCIPAL | C22: LÍDERES DE RADICACIÓN / COORDINADOR QUE CUENTE CON EQUIPO DE CÓMPUTO, CUENTAS DE CORREO ELECTRÓNICO, 1 ESCÁNER, 1 IMPRESORA TÉRMICA, 1 PISTOLAS LECTORAS Y PAPELERÍA NECESARIA PARA LA OPERACIÓN. | D22: APOYO RADICACIÓN/COBRO MENSUAL | E22: 3 | F22: 5 | G22: =ROUND('COT 2025'!G28,0) -> 8250000 | H22: =+ROUND(G22*0.19,0) -> 1567500 | I22: =ROUND((G22+H22),0) -> 9817500 | J22: =ROUND(I22*E22*F22,0) -> 147262500 | K22: 7 | L22: 8646000 | M22: =+ROUND(L22*0.19,0) -> 1642740 | N22: =ROUND((L22+M22),0) -> 10288740 | O22: =ROUND(N22*E22*K22,0) -> 216063540 | P22: 12 | Q22: =ROUND('COPIA - Estudio de mercado'!X19,0) -> 9734857 | R22: =+ROUND(Q22*0.19,0) -> 1849623 | S22: =ROUND(Q22+R22,0) -> 11584480 | T22: =ROUND(E22*P22*S22,0) -> 417041280 | U22: =ROUND(T22-(O22+J22),0) -> 53715240
C23: TÉCNICO DE SOPORTE QUE CUENTE CON EQUIPO DE CÓMPUTO PORTATIL. | D23: APOYO RADICACIÓN/COBRO MENSUAL | E23: 1 | F23: 5 | G23: =ROUND('COT 2025'!G29,0) -> 6800000 | H23: =+ROUND(G23*0.19,0) -> 1292000 | I23: =ROUND((G23+H23),0) -> 8092000 | J23: =ROUND(I23*E23*F23,0) -> 40460000 | K23: 7 | L23: 7126400 | M23: =+ROUND(L23*0.19,0) -> 1354016 | N23: =ROUND((L23+M23),0) -> 8480416 | O23: =ROUND(N23*E23*K23,0) -> 59362912 | P23: 12 | Q23: =ROUND('COPIA - Estudio de mercado'!X20,0) -> 8460271 | R23: =+ROUND(Q23*0.19,0) -> 1607451 | S23: =ROUND(Q23+R23,0) -> 10067722 | T23: =ROUND(E23*P23*S23,0) -> 120812664 | U23: =ROUND(T23-(O23+J23),0) -> 20989752
C24: AUXILIARES DE RADICACIÓN, TÉCNICOS DE RADICACIÓN, 1 IMPRESORA, 5 ESCÁNER, 8 IMPRESORA TÉRMICA, 4 PISTOLAS LECTORAS Y PAPELERÍA NECESARIA PARA LA OPERACIÓN.. | D24: APOYO RADICACIÓN/COBRO MENSUAL | E24: 25 | F24: 5 | G24: =ROUND('COT 2025'!G30,0) -> 5230000 | H24: =+ROUND(G24*0.19,0) -> 993700 | I24: =ROUND((G24+H24),0) -> 6223700 | J24: =ROUND(I24*E24*F24,0) -> 777962500 | K24: 7 | L24: 5481040 | M24: =+ROUND(L24*0.19,0) -> 1041398 | N24: =ROUND((L24+M24),0) -> 6522438 | O24: =ROUND(N24*E24*K24,0) -> 1141426650 | P24: 12 | Q24: =ROUND('COPIA - Estudio de mercado'!X21,0) -> 6193257 | R24: =+ROUND(Q24*0.19,0) -> 1176719 | S24: =ROUND(Q24+R24,0) -> 7369976 | T24: =ROUND(E24*P24*S24,0) -> 2210992800 | U24: =ROUND(T24-(O24+J24),0) -> 291603650
A25: 17 | B25: APOYO CENTROS DE RADICACIÓN | C25: APOYO EN LOS CENTROS DE RADICACIÓN EN LOS PUNTOS DE ATENCIÓN: BOGOTÁ: CNA Y PUNTO ANGEL CAN, SUBA, SOACHA, MEDELLÍN, VIVA BARRANQUILLA, BUCARAMANGA, CALI AMÉRICAS, CALI GUADALUPE, PEREIRA, GIRARDOT, VILLAVICENCIO, MAYORCA (MEDELLÍN), VALLEDUPAR, SANTA MARTA, TUNJA, CÚCUTA, NEIVA, SOLEDAD, IBAGUÉ, MANIZALES, CARTAGENA, POPAYÁN, PASTO, APARTADO, MONTERÍA. INCLUYE AUXILIARES DE RADICACIÓN QUE CUENTEN CON EQUIPO DE CÓMPUTO, CUENTAS DE CORREO ELECTRÓNICO, IMPRESORA, ESCÁNER, IMPRESORA TÉRMICA, PISTOLA LECTORA Y PAPELERÍA NECESARIA PARA LA OPERACIÓN. | D25: APOYO RADICACIÓN/COBRO MENSUAL | E25: 49 | F25: 5 | G25: =ROUND('COT 2025'!G31,0) -> 5230000 | H25: =+ROUND(G25*0.19,0) -> 993700 | I25: =ROUND((G25+H25),0) -> 6223700 | J25: =ROUND(I25*E25*F25,0) -> 1524806500 | K25: 7 | L25: 5481040 | M25: =+ROUND(L25*0.19,0) -> 1041398 | N25: =ROUND((L25+M25),0) -> 6522438 | O25: =ROUND(N25*E25*K25,0) -> 2237196234 | P25: 12 | Q25: =ROUND('COPIA - Estudio de mercado'!X22,0) -> 6250400 | R25: =+ROUND(Q25*0.19,0) -> 1187576 | S25: =ROUND(Q25+R25,0) -> 7437976 | T25: =ROUND(E25*P25*S25,0) -> 4373529888 | U25: =ROUND(T25-(O25+J25),0) -> 611527154
A26: 18 | B26: MOTORIZADOS | C26: URBANO - MENSAJEROS MOTORIZADOS TIEMPO COMPLETO PARA BOGOTA Y SUS ALREDEDORES | D26: MOTORIZADO/COBRO MENSUAL | E26: 5 | F26: 5 | G26: =ROUND('COT 2025'!G32,0) -> 5450000 | H26: 0 | I26: =ROUND((G26+H26),0) -> 5450000 | J26: =ROUND(I26*E26*F26,0) -> 136250000 | K26: 7 | L26: 5711600 | M26: 0 | N26: =ROUND((L26+M26),0) -> 5711600 | O26: =ROUND(N26*E26*K26,0) -> 199906000 | P26: 12 | Q26: =ROUND('COPIA - Estudio de mercado'!X23,0) -> 6687543 | R26: 0 | S26: =ROUND(Q26+R26,0) -> 6687543 | T26: =ROUND(E26*P26*S26,0) -> 401252580 | U26: =ROUND(T26-(O26+J26),0) -> 65096580
A27: 19 | B27: APOYO A LA GESTIÓN DOCUMENTAL FUNZA | C27: ARCHIVO CENTRAL SEDE SAN DIEGO PERSONAL: PERSONAL QUE GESTIONARÁ LAS TRANSFERENCIAS, PRESTAMOS DOCUMENTALES, AUXILIARES DE ARCHIVO QUE INCLUYA EQUIPO DE CÓMPUTO, 1 IMPRESORA, CUENTAS DE CORREO ELECTRÓNICO, EPP (BOTAS, BATA, GUANTES Y TAPABOCAS) Y PAPELERÍA NECESARIA PARA LA OPERACIÓN. SE REQUIERE DE FORMA MINIMA 1 ESCANER PARA TODO EL EQUIPO QUE APOYARÁ LAS ACTIVIDADES REQUERIDAS EN EL PUNTO 2 ANEXO TÉCNICO No 1. | D27: APOYO GD/ COBRO MENSUAL | E27: 41 | F27: 5 | G27: =ROUND('COT 2025'!G33,0) -> 5020000 | H27: =+ROUND(G27*0.19,0) -> 953800 | I27: =ROUND((G27+H27),0) -> 5973800 | J27: =ROUND(I27*E27*F27,0) -> 1224629000 | K27: 3 | L27: 5260960 | M27: =+ROUND(L27*0.19,0) -> 999582 | N27: =ROUND((L27+M27),0) -> 6260542 | O27: =ROUND(N27*E27*K27,0) -> 770046666 | P27: 12 | Q27: =ROUND('COPIA - Estudio de mercado'!X24,0) -> 6407029 | R27: =+ROUND(Q27*0.19,0) -> 1217336 | S27: =ROUND(Q27+R27,0) -> 7624365 | T27: =ROUND(E27*P27*S27,0) -> 3751187580 | U27: =ROUND(T27-(O27+J27),0) -> 1756511914
A28: 19 | B28: APOYO A LA GESTIÓN DOCUMENTAL FUNZA | C28: ARCHIVO CENTRAL SEDE SAN DIEGO PERSONAL: PERSONAL QUE GESTIONARÁ LAS TRANSFERENCIAS, PRESTAMOS DOCUMENTALES, AUXILIARES DE ARCHIVO QUE INCLUYA EQUIPO DE CÓMPUTO, 1 IMPRESORA, CUENTAS DE CORREO ELECTRÓNICO, EPP (BOTAS, BATA, GUANTES Y TAPABOCAS) Y PAPELERÍA NECESARIA PARA LA OPERACIÓN. SE REQUIERE DE FORMA MINIMA 1 ESCANER PARA TODO EL EQUIPO QUE APOYARÁ LAS ACTIVIDADES REQUERIDAS EN EL PUNTO 2 ANEXO TÉCNICO No 1. | D28: APOYO GD/ COBRO MENSUAL | E28: 20 | F28: 0 | G28: =ROUND('COT 2025'!G33,0) -> 5020000 | H28: =+ROUND(G28*0.19,0) -> 953800 | I28: =ROUND((G28+H28),0) -> 5973800 | J28: =ROUND(I28*E28*F28,0) -> 0 | K28: 4 | L28: 5260960 | M28: =+ROUND(L28*0.19,0) -> 999582 | N28: =ROUND((L28+M28),0) -> 6260542 | O28: =ROUND(N28*E28*K28,0) -> 500843360 | P28: 0 | Q28: =ROUND('COPIA - Estudio de mercado'!X24,0) -> 6407029 | R28: =+ROUND(Q28*0.19,0) -> 1217336 | S28: =ROUND(Q28+R28,0) -> 7624365 | T28: =ROUND(E28*P28*S28,0) -> 0 | U28: =ROUND(T28-(O28+J28),0) -> -500843360
A29: 20 | B29: APOYO A LA GESTIÓN DOCUMENTAL SEDE P/PAL | C29: ARCHIVO DE GESTIÓN SEDE PRINCIPAL.PERSONAL QUE GESTIONARÁ LAS TRANSFERENCIAS, PRESTAMOS DOCUMENTALES, AUXILIARES DE ARCHIVO QUE INCLUYA EQUIPO DE CÓMPUTO, 1 IMPRESORA, 1 ESCÁNER, CUENTAS DE CORREO ELECTRÓNICO, EPP (BOTAS, BATA, GUANTES Y TAPABOCAS) Y PAPELERÍA NECESARIA PARA LA OPERACIÓN. REQUERIDA EN EL PUNTO 2 ANEXO TÉCNICO No 1 | D29: APOYO GD/ COBRO MENSUAL | E29: 7 | F29: 5 | G29: =ROUND('COT 2025'!G34,0) -> 5020000 | H29: =+ROUND(G29*0.19,0) -> 953800 | I29: =ROUND((G29+H29),0) -> 5973800 | J29: =ROUND(I29*E29*F29,0) -> 209083000 | K29: 7 | L29: 5260960 | M29: =+ROUND(L29*0.19,0) -> 999582 | N29: =ROUND((L29+M29),0) -> 6260542 | O29: =ROUND(N29*E29*K29,0) -> 306766558 | P29: 12 | Q29: =ROUND('COPIA - Estudio de mercado'!X25,0) -> 6407029 | R29: =+ROUND(Q29*0.19,0) -> 1217336 | S29: =ROUND(Q29+R29,0) -> 7624365 | T29: =ROUND(E29*P29*S29,0) -> 640446660 | U29: =ROUND(T29-(O29+J29),0) -> 124597102
A30: 21 | B30: APOYO MASIVOS | C30: ANALISTA MASIVO QUE CUENTE CON COMPUTADOR, CUENTA DE CORREO Y PISTOLA LECTORA | D30: APOYO OPERATIVO / COBRO MENSUAL | E30: 1 | F30: 5 | G30: =ROUND('COT 2025'!G35,0) -> 7020000 | H30: =+ROUND(G30*0.19,0) -> 1333800 | I30: =ROUND((G30+H30),0) -> 8353800 | J30: =ROUND(I30*E30*F30,0) -> 41769000 | K30: 7 | L30: 7356960 | M30: =+ROUND(L30*0.19,0) -> 1397822 | N30: =ROUND((L30+M30),0) -> 8754782 | O30: =ROUND(N30*E30*K30,0) -> 61283474 | P30: 12 | Q30: =ROUND('COPIA - Estudio de mercado'!X26,0) -> 8622457 | R30: =+ROUND(Q30*0.19,0) -> 1638267 | S30: =ROUND(Q30+R30,0) -> 10260724 | T30: =ROUND(E30*P30*S30,0) -> 123128688 | U30: =ROUND(T30-(O30+J30),0) -> 20076214
B31: APOYO MASIVOS | C31: AUXILIAR MASIVO CUENTE CON COMPUTADOR, CUENTA DE CORREO, PISTOLA LECTORA Y ESCANER. | D31: APOYO OPERATIVO / COBRO MENSUAL | E31: 1 | F31: 5 | G31: =ROUND('COT 2025'!G36,0) -> 5200000 | H31: =+ROUND(G31*0.19,0) -> 988000 | I31: =ROUND((G31+H31),0) -> 6188000 | J31: =ROUND(I31*E31*F31,0) -> 30940000 | K31: 7 | L31: 5449600 | M31: =+ROUND(L31*0.19,0) -> 1035424 | N31: =ROUND((L31+M31),0) -> 6485024 | O31: =ROUND(N31*E31*K31,0) -> 45395168 | P31: 12 | Q31: =ROUND('COPIA - Estudio de mercado'!X27,0) -> 6328257 | R31: =+ROUND(Q31*0.19,0) -> 1202369 | S31: =ROUND(Q31+R31,0) -> 7530626 | T31: =ROUND(E31*P31*S31,0) -> 90367512 | U31: =ROUND(T31-(O31+J31),0) -> 14032344
A32: 22 | B32: GESTIÓN DE IMPRESIÓN MASIVA | C32: RECIBOS DE PAGO DE CRÉDITOS: IMPRESIÓN EN PAPEL LASER DE 75 GRS, PRE-IMPRESO A 4X4 TINTA IMPRESIÓN VARIABLE DÚPLEX | D32: HOJA/COBRO MENSUAL | E32: 66866 | F32: 5 | G32: =ROUND('COT 2025'!G37,0) -> 255 | H32: =+ROUND(G32*0.19,0) -> 48 | I32: =ROUND((G32+H32),0) -> 303 | J32: =ROUND(I32*E32*F32,0) -> 101301990 | K32: 7 | L32: 267.24 | M32: =+ROUND(L32*0.19,0) -> 51 | N32: =ROUND((L32+M32),0) -> 318 | O32: =ROUND(N32*E32*K32,0) -> 148843716 | P32: 12 | Q32: =ROUND('COPIA - Estudio de mercado'!X28,0) -> 345 | R32: =+ROUND(Q32*0.19,0) -> 66 | S32: =ROUND(Q32+R32,0) -> 411 | T32: =ROUND(E32*P32*S32,0) -> 329783112 | U32: =ROUND(T32-(O32+J32),0) -> 79637406
A33: 23 | B33: GESTIÓN DE IMPRESIÓN MASIVA | C33: PROYECCIÓN ANUAL DE PAGOS (EL ENVÍO SE REALIZA CON LA FACTURA DE CRÉDITO DEL MES DE ENERO): IMPRESIÓN EN PAPEL LASER DE 75 GRS, PRE-IMPRESO A 4X4 TINTA IMPRESIÓN VARIABLE DÚPLEX | D33: HOJA/COBRO MENSUAL | E33: 11161 | F33: 5 | G33: =ROUND('COT 2025'!G38,0) -> 255 | H33: =+ROUND(G33*0.19,0) -> 48 | I33: =ROUND((G33+H33),0) -> 303 | J33: =ROUND(I33*E33*F33,0) -> 16908915 | K33: 7 | L33: 267.24 | M33: =+ROUND(L33*0.19,0) -> 51 | N33: =ROUND((L33+M33),0) -> 318 | O33: =ROUND(N33*E33*K33,0) -> 24844386 | P33: 12 | Q33: =ROUND('COPIA - Estudio de mercado'!X29,0) -> 345 | R33: =+ROUND(Q33*0.19,0) -> 66 | S33: =ROUND(Q33+R33,0) -> 411 | T33: =ROUND(E33*P33*S33,0) -> 55046052 | U33: =ROUND(T33-(O33+J33),0) -> 13292751
A34: 24 | B34: GESTIÓN DE IMPRESIÓN MASIVA | C34: IMPRESIÓN DE SOBRES PARA FACTURAS DE CRÉDITOS:SOBRE MEDIA CARTA, IMPRESIÓN A 4X0 TINTAS, ARMADO TROQUELADO PARA MASIVOS. | D34: SOBRE/COBRO MENSUAL | E34: 65000 | F34: 5 | G34: =ROUND('COT 2025'!G39,0) -> 410 | H34: =+ROUND(G34*0.19,0) -> 78 | I34: =ROUND((G34+H34),0) -> 488 | J34: =ROUND(I34*E34*F34,0) -> 158600000 | K34: 7 | L34: 429.68 | M34: =+ROUND(L34*0.19,0) -> 82 | N34: =ROUND((L34+M34),0) -> 512 | O34: =ROUND(N34*E34*K34,0) -> 232960000 | P34: 12 | Q34: =ROUND('COPIA - Estudio de mercado'!X30,0) -> 473 | R34: =+ROUND(Q34*0.19,0) -> 90 | S34: =ROUND(Q34+R34,0) -> 563 | T34: =ROUND(E34*P34*S34,0) -> 439140000 | U34: =ROUND(T34-(O34+J34),0) -> 47580000
A35: 25 | B35: GESTIÓN DE IMPRESIÓN MASIVA | C35: EXTRACTOS DE CESANTÍAS Y AVC: IMPRESIÓN EN PAPEL LASER 75 GR, PRE-IMPRESO 4X4 FULL COLOR, DÚPLEX, TAMAÑO OFICIO Y/O CARTA, AUTOENSOBRADO. | D35: EXTRACTO/COBRO MENSUAL | E35: 86659 | F35: 5 | G35: =ROUND('COT 2025'!G40,0) -> 272 | H35: =+ROUND(G35*0.19,0) -> 52 | I35: =ROUND((G35+H35),0) -> 324 | J35: =ROUND(I35*E35*F35,0) -> 140387580 | K35: 7 | L35: 285.056 | M35: =+ROUND(L35*0.19,0) -> 54 | N35: =ROUND((L35+M35),0) -> 339 | O35: =ROUND(N35*E35*K35,0) -> 205641807 | P35: 12 | Q35: =ROUND('COPIA - Estudio de mercado'!X31,0) -> 358 | R35: =+ROUND(Q35*0.19,0) -> 68 | S35: =ROUND(Q35+R35,0) -> 426 | T35: =ROUND(E35*P35*S35,0) -> 443000808 | U35: =ROUND(T35-(O35+J35),0) -> 96971421
A36: 26 | B36: GESTIÓN DE IMPRESIÓN MASIVA | C36: EXTRACTOS REPORTE ANUAL DE COSTOS: IMPRESIÓN EN PAPEL LASER 75 GR, PRE-IMPRESO 4X4 FULL COLOR, DÚPLEX, TAMAÑO OFICIO Y/O CARTA, AUTOENSOBRADO. | D36: EXTRACTO/COBRO MENSUAL | E36: 30830 | F36: 5 | G36: =ROUND('COT 2025'!G41,0) -> 272 | H36: =+ROUND(G36*0.19,0) -> 52 | I36: =ROUND((G36+H36),0) -> 324 | J36: =ROUND(I36*E36*F36,0) -> 49944600 | K36: 7 | L36: 285.056 | M36: =+ROUND(L36*0.19,0) -> 54 | N36: =ROUND((L36+M36),0) -> 339 | O36: =ROUND(N36*E36*K36,0) -> 73159590 | P36: 12 | Q36: =ROUND('COPIA - Estudio de mercado'!X32,0) -> 358 | R36: =+ROUND(Q36*0.19,0) -> 68 | S36: =ROUND(Q36+R36,0) -> 426 | T36: =ROUND(E36*P36*S36,0) -> 157602960 | U36: =ROUND(T36-(O36+J36),0) -> 34498770
A37: 27 | B37: GESTIÓN DE IMPRESIÓN MASIVA | C37: HABEAS DATA: IMPRESIÓN EN PAPEL LASER DE 75 GRS IMPRESIÓN VARIABLE SIMPLEX. | D37: HOJA/COBRO MENSUAL | E37: 20124 | F37: 5 | G37: =ROUND('COT 2025'!G42,0) -> 210 | H37: =+ROUND(G37*0.19,0) -> 40 | I37: =ROUND((G37+H37),0) -> 250 | J37: =ROUND(I37*E37*F37,0) -> 25155000 | K37: 7 | L37: 220.08 | M37: =+ROUND(L37*0.19,0) -> 42 | N37: =ROUND((L37+M37),0) -> 262 | O37: =ROUND(N37*E37*K37,0) -> 36907416 | P37: 12 | Q37: =ROUND('COPIA - Estudio de mercado'!X33,0) -> 275 | R37: =+ROUND(Q37*0.19,0) -> 52 | S37: =ROUND(Q37+R37,0) -> 327 | T37: =ROUND(E37*P37*S37,0) -> 78966576 | U37: =ROUND(T37-(O37+J37),0) -> 16904160
A38: 28 | B38: GESTIÓN DE IMPRESIÓN MASIVA | C38: PÓLIZAS: SEMESTRAL. IMPRESIÓN EN PAPEL LASER DE 75 GRS, PRE-IMPRESO A 4X4 TINTA IMPRESIÓN VARIABLE DÚPLEX. | D38: POLIZA/COBRO SEMESTRAL | E38: 360550 | F38: 1 | G38: =ROUND('COT 2025'!G43,0) -> 255 | H38: =+ROUND(G38*0.19,0) -> 48 | I38: =ROUND((G38+H38),0) -> 303 | J38: =ROUND(I38*E38*F38,0) -> 109246650 | K38: 1 | L38: 267.24 | M38: =+ROUND(L38*0.19,0) -> 51 | N38: =ROUND((L38+M38),0) -> 318 | O38: =ROUND(N38*E38*K38,0) -> 114654900 | P38: 2 | Q38: =ROUND('COPIA - Estudio de mercado'!X34,0) -> 345 | R38: =+ROUND(Q38*0.19,0) -> 66 | S38: =ROUND(Q38+R38,0) -> 411 | T38: =ROUND(E38*P38*S38,0) -> 296372100 | U38: =ROUND(T38-(O38+J38),0) -> 72470550
A39: 29 | B39: ALISTAMIENTO | C39: SE REALIZA POR HOJA EFECTIVAMENTE IMPRESA, ESTE SERVICIO | D39: HOJA/COBRO MENSUAL | E39: 451385 | F39: 5 | G39: =ROUND('COT 2025'!G44,0) -> 145 | H39: =+ROUND(G39*0.19,0) -> 28 | I39: =ROUND((G39+H39),0) -> 173 | J39: =ROUND(I39*E39*F39,0) -> 390448025 | K39: 7 | L39: 151.96 | M39: =+ROUND(L39*0.19,0) -> 29 | N39: =ROUND((L39+M39),0) -> 181 | O39: =ROUND(N39*E39*K39,0) -> 571904795 | P39: 12 | Q39: =ROUND('COPIA - Estudio de mercado'!X35,0) -> 209 | R39: =+ROUND(Q39*0.19,0) -> 40 | S39: =ROUND(Q39+R39,0) -> 249 | T39: =ROUND(E39*P39*S39,0) -> 1348738380 | U39: =ROUND(T39-(O39+J39),0) -> 386385560
A40: 30 | B40: DISTIRBUCIÓN MASIVA | C40: URBANA | D40: SOBRE/COBRO MENSUAL | E40: 76646 | F40: 5 | G40: =ROUND('COT 2025'!G45,0) -> 2185 | H40: 0 | I40: =ROUND((G40+H40),0) -> 2185 | J40: =ROUND(I40*E40*F40,0) -> 837357550 | K40: 7 | L40: 2289.88 | M40: 0 | N40: =ROUND((L40+M40),0) -> 2290 | O40: =ROUND(N40*E40*K40,0) -> 1228635380 | P40: 12 | Q40: =ROUND('COPIA - Estudio de mercado'!X36,0) -> 2556 | R40: 0 | S40: =ROUND(Q40+R40,0) -> 2556 | T40: =ROUND(E40*P40*S40,0) -> 2350886112 | U40: =ROUND(T40-(O40+J40),0) -> 284893182
A41: 31 | B41: DISTIRBUCIÓN MASIVA | C41: NACIONAL | D41: SOBRE/COBRO MENSUAL | E41: 109634 | F41: 5 | G41: =ROUND('COT 2025'!G46,0) -> 3040 | H41: 0 | I41: =ROUND((G41+H41),0) -> 3040 | J41: =ROUND(I41*E41*F41,0) -> 1666436800 | K41: 7 | L41: 3185.92 | M41: 0 | N41: =ROUND((L41+M41),0) -> 3186 | O41: =ROUND(N41*E41*K41,0) -> 2445057468 | P41: 12 | Q41: =ROUND('COPIA - Estudio de mercado'!X37,0) -> 3648 | R41: 0 | S41: =ROUND(Q41+R41,0) -> 3648 | T41: =ROUND(E41*P41*S41,0) -> 4799337984 | U41: =ROUND(T41-(O41+J41),0) -> 687843716
A42: 32 | B42: DISTIRBUCIÓN MASIVA | C42: REGIONAL | D42: SOBRE/COBRO MENSUAL | E42: 8186 | F42: 5 | G42: =ROUND('COT 2025'!G47,0) -> 2855 | H42: 0 | I42: =ROUND((G42+H42),0) -> 2855 | J42: =ROUND(I42*E42*F42,0) -> 116855150 | K42: 7 | L42: 2992.04 | M42: 0 | N42: =ROUND((L42+M42),0) -> 2992 | O42: =ROUND(N42*E42*K42,0) -> 171447584 | P42: 12 | Q42: =ROUND('COPIA - Estudio de mercado'!X38,0) -> 3384 | R42: 0 | S42: =ROUND(Q42+R42,0) -> 3384 | T42: =ROUND(E42*P42*S42,0) -> 332417088 | U42: =ROUND(T42-(O42+J42),0) -> 44114354
A43: 33 | B43: DISTIRBUCIÓN MASIVA | C43: TRAYECTO ESPECIAL | D43: SOBRE/COBRO MENSUAL | E43: 4907 | F43: 5 | G43: =ROUND('COT 2025'!G48,0) -> 9010 | H43: 0 | I43: =ROUND((G43+H43),0) -> 9010 | J43: =ROUND(I43*E43*F43,0) -> 221060350 | K43: 7 | L43: 9442.48 | M43: 0 | N43: =ROUND((L43+M43),0) -> 9442 | O43: =ROUND(N43*E43*K43,0) -> 324323258 | P43: 12 | Q43: =ROUND('COPIA - Estudio de mercado'!X39,0) -> 10590 | R43: 0 | S43: =ROUND(Q43+R43,0) -> 10590 | T43: =ROUND(E43*P43*S43,0) -> 623581560 | U43: =ROUND(T43-(O43+J43),0) -> 78197952
J44: =SUM(J7:J43) -> 8805489860 | O44: =SUM(O7:O43) -> 12347102743 | T44: =SUM(T7:T43) -> 25880943288 | U44: =SUM(U7:U43) -> 4728350685
E46: =E39/5 -> 90277

Sheet ADICION 
C2: FACTURACIÓN INICIAL
B4: Ítem | C4: N° de entrega | D4: Valor Facturado | E4: Valor ANS aplicado | F4: Valor a pagar menos ANS | G4: % recibido a satisfacción | H4: % Pte por facturar
B5: AGOSTO | C5: 1 | D5: 734982161 | F5: =D5-E5 -> 734982161 | G5: =F5/$D$18 -> 0.036537122 | H5: =100%-G5 -> 0.96346288
B6: SEPTIEMBRE | C6: 2 | D6: 1572837192 | F6: =D6-E6 -> 1572837192 | G6: =F6/$D$18 -> 0.078188217 | H6: =100%-G6 -> 0.92181178
B7: OCTUBRE | C7: 3 | D7: 1282082311 | F7: =D7-E7 -> 1282082311 | G7: =F7/$D$18 -> 0.063734333 | H7: =100%-G7 -> 0.93626567
B8: NOVIEMBRE | C8: 4 | D8: 2934640613 | F8: =D8-E8 -> 2934640613 | G8: =F8/$D$18 -> 0.14588561 | H8: =100%-G8 -> 0.85411439
B9: DICIEMBRE | C9: 5 | D9: 1259448055 | F9: =D9-E9 -> 1259448055 | G9: =F9/$D$18 -> 0.062609149 | H9: =100%-G9 -> 0.93739085
B10: ENERO | C10: 6 | D10: 1276044962 | E10: 238800 | F10: =D10-E10 -> 1275806162 | G10: =F10/$D$18 -> 0.063422336 | H10: =100%-(G9+G10) -> 0.87396851
B11: FEBRERO | C11: 7 | D11: 1554435870 | E11: 248400 | F11: =D11-E11 -> 1554187470 | G11: =F11/$D$18 -> 0.07726111 | H11: =100%-(G9+G10+G11) -> 0.79670741
B12: MARZO | C12: 8 | D12: 2445804410 | E12: 3629226 | F12: =D12-E12 -> 2442175184 | G12: =F12/$D$18 -> 0.12140438 | H12: =100%-(G9+G10+G11+G12) -> 0.67530303
B13: ABRIL | C13: 9 | D13: 1272976976 | F13: =D13-E13 -> 1272976976 | G13: =F13/$D$18 -> 0.063281693 | H13: =100%-(G9+G10+G11+G12+G13) -> 0.61202133
B14: MAYO | C14: 10 | D14: 1347432479 | F14: =D14-E14 -> 1347432479 | G14: =F14/$D$18 -> 0.066982993 | H14: =100%-(G9+G10+G11+G12+G13+G14) -> 0.54503834
B15: JUNIO | C15: 11 | D15: 1284321546 | F15: =D15-E15 -> 1284321546 | G15: =F15/$D$18 -> 0.063845649 | H15: =100%-(G9+G10+G11+G12+G13+G14+G15) -> 0.48119269
B16: JULIO (Proyección) | C16: 12 | D16: 2641312269 | F16: =D16-E16 -> 2641312269 | G16: =F16/$D$18 -> 0.1313038 | H16: =100%-(G9+G10+G11+G12+G13+G14+G15+G16) -> 0.34988889
B17: AGOSTO - 8 dias (Proyección) | C17: 13 | D17: 509719752 | F17: =D17-E17 -> 509719752 | G17: =F17/$D$18 -> 0.025338973 | H17: =100%-(G10+G11+G12+G13+G14+G15+G16+G17) -> 0.38715907
B18: TOTAL | D18: =SUM(D5:D17) -> 20116038596 | E18: =SUM(E5:E17) -> 4116426 | F18: =SUM(F5:F17) -> 20111922170 | G18: =SUM(G5:G17) -> 0.99979537 | H18: =100%-G18 -> 0.00020463403
B19: VALOR INICIAL CONTRATO | D19: 20987139031 | E19: =E18/D19 -> 0.00019614041
B20: PENDIENTE POR EJECUTAR | D20: =D19-D18 -> 871100435 | E20: Valor con ANS | F20: =D19-F18 -> 875216861
B22: VALOR INICIAL CONTRATO | D22: 20987139031
B23: PRESUPUESTO OFICIAL (PRORROGA) | D23: =COMPARATIVO!C17 -> 21152592603
B24: PROYECCIÓN ADICIÓN | D24: =D23-F20 -> 20277375742
B25: TOTAL FINAL CTO | D25: =D19+D24 -> 41264514773
C28: AÑO | D28: VALOR SMLMV
C29: 2024 | D29: 1300000
D30: 1423500
B33: VALOR INICIAL CONTRATO | D33: =D19 -> 20987139031 | E33: =D33/D29 -> 16143.953 | F33: SMMLV – 2024 | G33: =D34/D33 -> 0.96618104
B34: ADICIÓN SOLICITADA | D34: =D24 -> 20277375742 | E34: =D34/D30 -> 14244.732 | F34: SMMLV – 2025
B35: VALOR TOTAL CONTRATO | D35: =D33+D34 -> 41264514773

Sheet COMPARATIVO
B2: ANALISIS COMPARATIVO-COTIZACION- ESTUDIO DE MERCADO
B3: SERVICIO | C3: COTIZACIÓN | E3: ESTUDIO MERCADO | F3: DIFERENCIA VALORES | G3: PORCENTAJE DIFERENCIA
C4: VALORES 2025 | D4: VALORES 2026
B5: MENSAJERIA | C5: =SUM(ANALISIS!J7:J11) -> 232616000 | D5: =SUM(ANALISIS!O7:O11) -> 341295836 | E5: =SUM(ANALISIS!T7:T11) -> 681395844 | F5: =(E5)-(C5+D5) -> 107484008 | G5: =F5/E5 -> 0.15774092
B6: SERVICIO DE TULAS | C6: =SUM(ANALISIS!J12:J15) -> 575100000 | D6: =SUM(ANALISIS!O12:O15) -> 843786720 | E6: =SUM(ANALISIS!T12:T15) -> 1724066604 | F6: =(E6)-(C6+D6) -> 305179884 | G6: =F6/E6 -> 0.17701166
B7: MENSAJEROS POR DIA PARA DILIGENCIAS NOTARIALES E IMPUESTOS | C7: =SUM(ANALISIS!J16:J18) -> 19455000 | D7: =SUM(ANALISIS!O16:O18) -> 28544376 | E7: =SUM(ANALISIS!T16:T18) -> 56236992 | F7: =(E7)-(C7+D7) -> 8237616 | G7: =F7/E7 -> 0.14648038
B8: APOYO A FERIAS INMOBILIARIAS | C8: =SUM(ANALISIS!J19:J21) -> 11453750 | D8: =SUM(ANALISIS!O19:O21) -> 16804949 | E8: =SUM(ANALISIS!T19:T21) -> 35611464 | F8: =(E8)-(C8+D8) -> 7352765 | G8: =F8/E8 -> 0.20647185
B9: APOYO RADICACIÓN SEDE PRINCIPAL | C9: =SUM(ANALISIS!J22:J24) -> 965685000 | D9: =SUM(ANALISIS!O22:O24) -> 1416853102 | E9: =SUM(ANALISIS!T22:T24) -> 2748846744 | F9: =(E9)-(C9+D9) -> 366308642 | G9: =F9/E9 -> 0.13325903
B10: APOYO CENTROS DE RADICACIÓN | C10: =ANALISIS!J25 -> 1524806500 | D10: =ANALISIS!O25 -> 2237196234 | E10: =ANALISIS!T25 -> 4373529888 | F10: =(E10)-(C10+D10) -> 611527154 | G10: =F10/E10 -> 0.13982462
B11: MOTORIZADOS | C11: =SUM(ANALISIS!J26) -> 136250000 | D11: =ANALISIS!O26 -> 199906000 | E11: =SUM(ANALISIS!T26) -> 401252580 | F11: =(E11)-(C11+D11) -> 65096580 | G11: =F11/E11 -> 0.16223342
B12: APOYO A LA GESTIÓN DOCUMENTAL | C12: =SUM(ANALISIS!J27:J29) -> 1433712000 | D12: =SUM(ANALISIS!O27+ANALISIS!O28+ANALISIS!O29) -> 1577656584 | E12: =SUM(ANALISIS!T27:T29) -> 4391634240 | F12: =(E12)-(C12+D12) -> 1380265656 | G12: =F12/E12 -> 0.31429431
B13: APOYO MASIVOS | C13: =SUM(ANALISIS!J30:J31) -> 72709000 | D13: =SUM(ANALISIS!O30:O31) -> 106678642 | E13: =SUM(ANALISIS!T30:T31) -> 213496200 | F13: =(E13)-(C13+D13) -> 34108558 | G13: =F13/E13 -> 0.1597619
B14: GESTIÓN DE IMPRESIÓN MASIVA | C14: =SUM(ANALISIS!J32:J38) -> 601544735 | D14: =SUM(ANALISIS!O32:O38) -> 837011815 | E14: =SUM(ANALISIS!T32:T38) -> 1799911608 | F14: =(E14)-(C14+D14) -> 361355058 | G14: =F14/E14 -> 0.20076267
B15: ALISTAMIENTO | C15: =SUM(ANALISIS!J39) -> 390448025 | D15: =SUM(ANALISIS!O39) -> 571904795 | E15: =SUM(ANALISIS!T39) -> 1348738380 | F15: =(E15)-(C15+D15) -> 386385560 | G15: =F15/E15 -> 0.28647925
B16: DISTIRBUCIÓN MASIVA | C16: =SUM(ANALISIS!J40:J43) -> 2841709850 | D16: =SUM(ANALISIS!O40:O43) -> 4169463690 | E16: =SUM(ANALISIS!T40:T43) -> 8106222744 | F16: =(E16)-(C16+D16) -> 1095049204 | G16: =F16/E16 -> 0.13508748
B17: TOTAL | C17: =SUM(C5:C16)+SUM(D5:D16) -> 21152592603 | E17: =SUM(E5:E16) -> 25880943288 | F17: =E17-C17 -> 4728350685 | G17: =F17/E17 -> 0.18269623 | H17: =F17/E17 -> 0.18269623
E19: Saldo CTO | F19: Adición
E20: 875216861 | F20: =C17-E20 -> 20277375742
B22: 5 meses | C22: 2025 | D22: 680977500
B23: 3 meses | C23: 2026 | D23: 433776420
B24: 8 meses | C24: Estudio | D24: 1336973568
B26: 5 meses | C26: 2025 | D26: =(326692*21)*5 -> 34302660
B27: 3 meses | C27: 2026 | D27: =(330016*21)*3 -> 20791008
B28: 8 meses | D28: =(609419*21)*5 -> 63988995 | E28: =D28+D29 -> 102945738
D29: =(618361*21)*3 -> 38956743
B31: 8 meses | C31: Inventario | D31: =(1031444*6127) -> 6319657388

Sheet INCREMENTO
B1: VALOR UNITARIO ANTES DE IVA 2025 | C1: AUMENTO IPC 4.8% | D1: ESTIMACIÓN 2026
B2: 11300 | C2: =4.8%*B2 -> 542.4 | D2: =B2+C2 -> 11842.4
B3: 18200 | C3: =4.8%*B3 -> 873.6 | D3: =B3+C3 -> 19073.6
B4: 16800 | C4: =4.8%*B4 -> 806.4 | D4: =B4+C4 -> 17606.4
B5: 35500 | C5: =4.8%*B5 -> 1704 | D5: =B5+C5 -> 37204
B6: 310000 | C6: =4.8%*B6 -> 14880 | D6: =B6+C6 -> 324880
B7: 108000 | C7: =4.8%*B7 -> 5184 | D7: =B7+C7 -> 113184
B8: 132000 | C8: =4.8%*B8 -> 6336 | D8: =B8+C8 -> 138336
B9: 120000 | C9: =4.8%*B9 -> 5760 | D9: =B9+C9 -> 125760
B10: 300000 | C10: =4.8%*B10 -> 14400 | D10: =B10+C10 -> 314400
B11: 278000 | C11: =4.8%*B11 -> 13344 | D11: =B11+C11 -> 291344
B12: 270000 | C12: =4.8%*B12 -> 12960 | D12: =B12+C12 -> 282960
B13: 285000 | C13: =4.8%*B13 -> 13680 | D13: =B13+C13 -> 298680
... B34: 9010 | C34: =4.8%*B34 -> 432.48 | D34: =B34+C34 -> 9442.48
B35: =SUM(B2:B34) -> 57048182 | D35: =SUM(D2:D34) -> 59786495

Sheet COT  2025
A1: FONDO NACIONAL DEL AHORRO S.A.
A2: FORMATO COTIZACIÓN
A3: Descripción del Proceso: | C3: Prestación de los servicios de administración para el manejo integral de la mensajería interna, externa y/o transporte de objetos y/o piezas postales y demás servicios conexos para la adecuada administración documental del Fondo Nacional del Ahorro S.A.
A4: Nombre del Oferente
A5: NIT
A6: Representante Legal
A7: C.C
A8: 1. El valor de la oferta económica deber ser expresado en PESOS COLOMBIANOS. 2. Asignar valor en la casilla "Valor Unitario antes de IVA". El " Valor del IVA" corresponde con la regulación tributaria vigente. 3. El oferente deberá tener en cuenta todos los gravámenes, impuestos tasas y demás contribuciones para la estimación del presupuesto. 4. No modificar, agregar o quitar ningún ítem o sub-ítem, so pena de encontrarse inmerso en causal de rechazo. 5. Todos los valores deberán estar ajustados al peso, es decir, sin decimales. Para el efecto, se aplicará la formula redondeo de Excel. 6. No podrá superar los precios unitarios techo o valor unitario de referencia establecidos por la entidad ni tampoco podra ser cero (0) so pena de rechazo por encontrarse inmerso en causal de rechazo. 7. No podrá superar el Presupuesto Oficial Estimado so pena de encontrarse inmerso en causal de rechazo. NOTA • El contratista deberá prever la proyección del presupuesto para el plazo de ejecución del contrato. El FNA no asumirán los costos adicionales generados por el IPC de los años subsiguientes o cualquier otro sistema de actualización de precios; en el caso que exista reglamentación gubernamental de incrementos salariales durante la ejecución del contrato, éstos deben ser contemplados por el contratista dentro del valor de la ofertado. • Tiempo estimado de ejecución: 12 meses. • Los precios ofertados se deberán mantener durante la ejecución del contrato independientemente de la fecha de inicio de ejecución del contrato.
A12: ITEM | B12: ACTIVIDAD | C12: ITEM | D12: UNIDAD DE MEDIDA | E12: CANT ESTIMADA CONTRATO | F12: PLAZO | G12: VALOR UNITARIO ANTES DE IVA | H12: VALOR DEL IVA | I12: VALOR UNITARIO INCLUIDO IVA | J12: V/TOTAL INCLUIDO IVA | K12: VALOR SIN IVA | L12: IVA
A13: 1 | B13: MENSAJERIA | C13: URBANO | D13: SOBRE MEDIA CARTA Y/O CARTA/COBRO MENSUAL | E13: =854 -> 854 | F13: 5 | G13: 11300 | H13: 0 | I13: =ROUND((G13+H13),0) -> 11300 | J13: =ROUND(I13*E13*F13,0) -> 48251000 | K13: =+E13*G13*F13 -> 48251000 | L13: =+E13*F13*H13 -> 0
A14: 2 | B14: MENSAJERIA | C14: NACIONAL | D14: SOBRE MEDIA CARTA Y/O CARTA/COBRO MENSUAL | E14: =1547 -> 1547 | F14: 5 | G14: 18200 | H14: 0 | I14: =ROUND((G14+H14),0) -> 18200 | J14: =ROUND(I14*E14*F14,0) -> 140777000 | K14: =+E14*G14*F14 -> 140777000 | L14: =+E14*F14*H14 -> 0
A15: 3 | B15: MENSAJERIA | C15: REGIONAL | D15: SOBRE MEDIA CARTA Y/O CARTA/COBRO MENSUAL | E15: 107 | F15: 5 | G15: 16800 | H15: 0 | I15: =ROUND((G15+H15),0) -> 16800 | J15: =ROUND(I15*E15*F15,0) -> 8988000 | K15: =+E15*G15*F15 -> 8988000 | L15: =+E15*F15*H15 -> 0
A16: 4 | B16: MENSAJERIA | C16: TRAYECTO ESPECIAL | D16: SOBRE MEDIA CARTA Y/O CARTA/COBRO MENSUAL | E16: 160 | F16: 5 | G16: 35500 | H16: 0 | I16: =ROUND((G16+H16),0) -> 35500 | J16: =ROUND(I16*E16*F16,0) -> 28400000 | K16: =+E16*G16*F16 -> 28400000 | L16: =+E16*F16*H16 -> 0
A17: 5 | B17: MENSAJERIA | C17: INTERNACIONAL | D17: SOBRE MEDIA CARTA Y/O CARTA/COBRO MENSUAL | E17: 4 | F17: 5 | G17: 310000 | H17: 0 | I17: =ROUND((G17+H17),0) -> 310000 | J17: =ROUND(I17*E17*F17,0) -> 6200000 | K17: =+E17*G17*F17 -> 6200000 | L17: =+E17*F17*H17 -> 0
A18: 6 | B18: SERVICIO DE TULAS | C18: URBANO (INCLUYE RECEPCIÓN DE TULA EN EL PUNTO DE ATENCIÓN, TRANSPORTE A SITIO DESTINO, LA ENTREGA EFECTIVA DE LA TULA CON SU RESPECTIVO PRECINTO DE SEGURIDAD Y LA GUIA, SE DEBE CONTAR CON EL STOCK DE TULAS NECESARIO PARA LA PRESTACIÓN DEL SERVICIO) | D18: TULA (0 a 25KG PROMEDIO) / COBRO MENSUAL | E18: =144 -> 144 | F18: 5 | G18: 108000 | H18: 0 | I18: =ROUND((G18+H18),0) -> 108000 | J18: =ROUND(I18*E18*F18,0) -> 77760000 | K18: =+E18*G18*F18 -> 77760000 | L18: =+E18*F18*H18 -> 0
A19: 7 | B19: SERVICIO DE TULAS | C19: NACIONAL (INCLUYE RECEPCIÓN DE TULA EN EL PUNTO DE ATENCIÓN, TRANSPORTE A SITIO DESTINO, LA ENTREGA EFECTIVA DE LA TULA CON SU RESPECTIVO PRECINTO DE SEGURIDAD Y LA GUIA, SE DEBE CONTAR CON EL STOCK DE TULAS NECESARIO PARA LA PRESTACIÓN DEL SERVICIO) | D19: TULA (0 a 25KG PROMEDIO) / COBRO MENSUAL | E19: =474+80 -> 554 | F19: 5 | G19: 132000 | H19: 0 | I19: =ROUND((G19+H19),0) -> 132000 | J19: =ROUND(I19*E19*F19,0) -> 365640000 | K19: =+E19*G19*F19 -> 365640000 | L19: =+E19*F19*H19 -> 0
A20: 8 | B20: SERVICIO DE TULAS | C20: REGIONAL (INCLUYE RECEPCIÓN DE TULA EN EL PUNTO DE ATENCIÓN, TRANSPORTE A SITIO DESTINO, LA ENTREGA EFECTIVA DE LA TULA CON SU RESPECTIVO PRECINTO DE SEGURIDAD Y LA GUIA, SE DEBE CONTAR CON EL STOCK DE TULAS NECESARIO PARA LA PRESTACIÓN DEL SERVICIO) | D20: TULA (0 a 25KG PROMEDIO) / COBRO MENSUAL | E20: =22 -> 22 | F20: 5 | G20: 120000 | H20: 0 | I20: =ROUND((G20+H20),0) -> 120000 | J20: =ROUND(I20*E20*F20,0) -> 13200000 | K20: =+E20*G20*F20 -> 13200000 | L20: =+E20*F20*H20 -> 0
A21: 9 | B21: SERVICIO DE TULAS | C21: TRAYECTO ESPECIAL (INCLUYE RECEPCIÓN DE TULA EN EL PUNTO DE ATENCIÓN, TRANSPORTE A SITIO DESTINO, LA ENTREGA EFECTIVA DE LA TULA CON SU RESPECTIVO PRECINTO DE SEGURIDAD Y LA GUIA, SE DEBE CONTAR CON EL STOCK DE TULAS NECESARIO PARA LA PRESTACIÓN DEL SERVICIO) | D21: TULA (0 a 25KG PROMEDIO) / COBRO MENSUAL | E21: 79 | F21: 5 | G21: 300000 | H21: 0 | I21: =ROUND((G21+H21),0) -> 300000 | J21: =ROUND(I21*E21*F21,0) -> 118500000 | K21: =+E21*G21*F21 -> 118500000 | L21: =+E21*F21*H21 -> 0
A22: 10 | B22: MENSAJEROS POR DIA PARA DILIGENCIAS NOTARIALES E IMPUESTOS | C22: NACIONAL - DILIGENCIAS POR DÍA PARA NOTARIAS Y PRESENTACION DE IMPUESTOS A NIVEL NACIONAL. NO INCLUYE A LA CIUDAD DE BOGOTÁ NI EL DEPARTAMENTO DE CUNDINAMARCA | D22: TOTAL DE DÍAS MENSAJERO/COBRO POR DILIGENCIA | E22: 12 | F22: 5 | G22: 278000 | H22: 0 | I22: =ROUND((G22+H22),0) -> 278000 | J22: =ROUND(I22*E22*F22,0) -> 16680000 | K22: =+E22*G22*F22 -> 16680000 | L22: =+E22*F22*H22 -> 0
A23: 11 | B23: MENSAJEROS POR DIA PARA DILIGENCIAS NOTARIALES E IMPUESTOS | C23: REGIONAL - DILIGENCIAS POR DÍA PARA NOTARIAS Y PRESENTACION DE IMPUESTOS A NIVEL NACIONAL. NO INCLUYE A LA CIUDAD DE BOGOTÁ NI EL DEPARTAMENTO DE CUNDINAMARCA | D23: TOTAL DE DÍAS MENSAJERO/COBRO POR DILIGENCIA | E23: 1 | F23: 5 | G23: 270000 | H23: 0 | I23: =ROUND((G23+H23),0) -> 270000 | J23: =ROUND(I23*E23*F23,0) -> 1350000 | K23: =+E23*G23*F23 -> 1350000 | L23: =+E23*F23*H23 -> 0
A24: 12 | B24: MENSAJEROS POR DIA PARA DILIGENCIAS NOTARIALES E IMPUESTOS | C24: TRAYECTOS ESPECIALES - DILIGENCIAS POR DÍA PARA NOTARIAS Y PRESENTACION DE IMPUESTOS A NIVEL NACIONAL. NO INCLUYE A LA CIUDAD DE BOGOTÁ NI EL DEPARTAMENTO DE CUNDINAMARCA. | D24: TOTAL DE DÍAS MENSAJERO/COBRO POR DILIGENCIA | E24: 1 | F24: 5 | G24: 285000 | H24: 0 | I24: =ROUND((G24+H24),0) -> 285000 | J24: =ROUND(I24*E24*F24,0) -> 1425000 | K24: =+E24*G24*F24 -> 1425000 | L24: =+E24*F24*H24 -> 0
A25: 13 | B25: APOYO A FERIAS INMOBILIARIAS | C25: REGIONAL (ASISTENCIA A EVENTUALES DILIGENCIAS DE FERIAS INMOBILIARIAS, ACTIVIDAD QUE INCLUYE LOS GASTOS ASOCIADOS AL TRASLADO A LA FERIA) | D25: TOTAL DE DÍAS ASISTENCIA/COBRO POR TURNO | E25: 1 | F25: 5 | G25: 505000 | H25: =+ROUND(G25*0.19,0) -> 95950 | I25: =ROUND((G25+H25),0) -> 600950 | J25: =ROUND(I25*E25*F25,0) -> 3004750 | K25: =+E25*G25*F25 -> 2525000 | L25: =+E25*F25*H25 -> 479750
A26: 14 | C26: NACIONAL (ASISTENCIA A EVENTUALES DILIGENCIAS DE FERIAS INMOBILIARIAS, ACTIVIDAD QUE INCLUYE LOS GASTOS ASOCIADOS AL TRASLADO A LA FERIA) | D26: TOTAL DE DÍAS ASISTENCIA/COBRO POR TURNO | E26: 1 | F26: 5 | G26: 590000 | H26: =+ROUND(G26*0.19,0) -> 112100 | I26: =ROUND((G26+H26),0) -> 702100 | J26: =ROUND(I26*E26*F26,0) -> 3510500 | K26: =+E26*G26*F26 -> 2950000 | L26: =+E26*F26*H26 -> 560500
A27: 15 | C27: TRAYECTO ESPECIAL (ASISTENCIA A EVENTUALES DILIGENCIAS DE FERIAS INMOBILIARIAS, ACTIVIDAD QUE INCLUYE LOS GASTOS ASOCIADOS AL TRASLADO A LA FERIA) | D27: TOTAL DE DÍAS ASISTENCIA/COBRO POR TURNO | E27: 1 | F27: 5 | G27: 830000 | H27: =+ROUND(G27*0.19,0) -> 157700 | I27: =ROUND((G27+H27),0) -> 987700 | J27: =ROUND(I27*E27*F27,0) -> 4938500 | K27: =+E27*G27*F27 -> 4150000 | L27: =+E27*F27*H27 -> 788500
A28: 16 | B28: APOYO RADICACIÓN SEDE PRINCIPAL | C28: LÍDERES DE RADICACIÓN / COORDINADOR QUE CUENTE CON EQUIPO DE CÓMPUTO, CUENTAS DE CORREO ELECTRÓNICO, 1 ESCÁNER, 1 IMPRESORA TÉRMICA, 1 PISTOLAS LECTORAS Y PAPELERÍA NECESARIA PARA LA OPERACIÓN. | D28: APOYO RADICACIÓN/COBRO MENSUAL | E28: 3 | F28: 5 | G28: 8250000 | H28: =+ROUND(G28*0.19,0) -> 1567500 | I28: =ROUND((G28+H28),0) -> 9817500 | J28: =ROUND(I28*E28*F28,0) -> 147262500 | K28: =+E28*G28*F28 -> 123750000 | L28: =+E28*F28*H28 -> 23512500
C29: TÉCNICO DE SOPORTE QUE CUENTE CON EQUIPO DE CÓMPUTO PORTATIL. | D29: APOYO RADICACIÓN/COBRO MENSUAL | E29: 1 | F29: 5 | G29: 6800000 | H29: =+ROUND(G29*0.19,0) -> 1292000 | I29: =ROUND((G29+H29),0) -> 8092000 | J29: =ROUND(I29*E29*F29,0) -> 40460000 | K29: =+E29*G29*F29 -> 34000000 | L29: =+E29*F29*H29 -> 6460000
C30: AUXILIARES DE RADICACIÓN, TÉCNICOS DE RADICACIÓN, 1 IMPRESORA, 5 ESCÁNER, 8 IMPRESORA TÉRMICA, 4 PISTOLAS LECTORAS Y PAPELERÍA NECESARIA PARA LA OPERACIÓN.. | D30: APOYO RADICACIÓN/COBRO MENSUAL | E30: 25 | F30: 5 | G30: 5230000 | H30: =+ROUND(G30*0.19,0) -> 993700 | I30: =ROUND((G30+H30),0) -> 6223700 | J30: =ROUND(I30*E30*F30,0) -> 777962500 | K30: =+E30*G30*F30 -> 653750000 | L30: =+E30*F30*H30 -> 124212500
A31: 17 | B31: APOYO CENTROS DE RADICACIÓN | C31: APOYO EN LOS CENTROS DE RADICACIÓN EN LOS PUNTOS DE ATENCIÓN: BOGOTÁ: CNA Y PUNTO ANGEL CAN, SUBA, SOACHA, MEDELLÍN, VIVA BARRANQUILLA, BUCARAMANGA, CALI AMÉRICAS, CALI GUADALUPE, PEREIRA, GIRARDOT, VILLAVICENCIO, MAYORCA (MEDELLÍN), VALLEDUPAR, SANTA MARTA, TUNJA, CÚCUTA, NEIVA, SOLEDAD, IBAGUÉ, MANIZALES, CARTAGENA, POPAYÁN, PASTO, APARTADO, MONTERÍA. INCLUYE AUXILIARES DE RADICACIÓN QUE CUENTEN CON EQUIPO DE CÓMPUTO, CUENTAS DE CORREO ELECTRÓNICO, IMPRESORA, ESCÁNER, IMPRESORA TÉRMICA, PISTOLA LECTORA Y PAPELERÍA NECESARIA PARA LA OPERACIÓN. | D31: APOYO RADICACIÓN/COBRO MENSUAL | E31: 49 | F31: 5 | G31: 5230000 | H31: =+ROUND(G31*0.19,0) -> 993700 | I31: =ROUND((G31+H31),0) -> 6223700 | J31: =ROUND(I31*E31*F31,0) -> 1524806500 | K31: =+E31*G31*F31 -> 1281350000 | L31: =+E31*F31*H31 -> 243456500
A32: 18 | B32: MOTORIZADOS | C32: URBANO - MENSAJEROS MOTORIZADOS TIEMPO COMPLETO PARA BOGOTA Y SUS ALREDEDORES | D32: MOTORIZADO/COBRO MENSUAL | E32: 5 | F32: 5 | G32: 5450000 | H32: 0 | I32: =ROUND((G32+H32),0) -> 5450000 | J32: =ROUND(I32*E32*F32,0) -> 136250000 | K32: =+E32*G32*F32 -> 136250000 | L32: =+E32*F32*H32 -> 0
A33: 19 | B33: APOYO A LA GESTIÓN DOCUMENTAL | C33: ARCHIVO CENTRAL SEDE SAN DIEGO PERSONAL: PERSONAL QUE GESTIONARÁ LAS TRANSFERENCIAS, PRESTAMOS DOCUMENTALES, AUXILIARES DE ARCHIVO QUE INCLUYA EQUIPO DE CÓMPUTO, 1 IMPRESORA, CUENTAS DE CORREO ELECTRÓNICO, EPP (BOTAS, BATA, GUANTES Y TAPABOCAS) Y PAPELERÍA NECESARIA PARA LA OPERACIÓN. SE REQUIERE DE FORMA MINIMA 1 ESCANER PARA TODO EL EQUIPO QUE APOYARÁ LAS ACTIVIDADES REQUERIDAS EN EL PUNTO 2 ANEXO TÉCNICO No 1. | D33: APOYO GD/ COBRO MENSUAL | E33: 41 | F33: 5 | G33: 5020000 | H33: =+ROUND(G33*0.19,0) -> 953800 | I33: =ROUND((G33+H33),0) -> 5973800 | J33: =ROUND(I33*E33*F33,0) -> 1224629000 | K33: =+E33*G33*F33 -> 1029100000 | L33: =+E33*F33*H33 -> 195529000
A34: 20 | B34: APOYO A LA GESTIÓN DOCUMENTAL | C34: ARCHIVO DE GESTIÓN SEDE PRINCIPAL.PERSONAL QUE GESTIONARÁ LAS TRANSFERENCIAS, PRESTAMOS DOCUMENTALES, AUXILIARES DE ARCHIVO QUE INCLUYA EQUIPO DE CÓMPUTO, 1 IMPRESORA, 1 ESCÁNER, CUENTAS DE CORREO ELECTRÓNICO, EPP (BOTAS, BATA, GUANTES Y TAPABOCAS) Y PAPELERÍA NECESARIA PARA LA OPERACIÓN. REQUERIDA EN EL PUNTO 2 ANEXO TÉCNICO No 1 | D34: APOYO GD/ COBRO MENSUAL | E34: 7 | F34: 5 | G34: 5020000 | H34: =+ROUND(G34*0.19,0) -> 953800 | I34: =ROUND((G34+H34),0) -> 5973800 | J34: =ROUND(I34*E34*F34,0) -> 209083000 | K34: =+E34*G34*F34 -> 175700000 | L34: =+E34*F34*H34 -> 33383000
A35: 21 | B35: APOYO MASIVOS | C35: ANALISTA MASIVO QUE CUENTE CON COMPUTADOR, CUENTA DE CORREO Y PISTOLA LECTORA | D35: APOYO OPERATIVO / COBRO MENSUAL | E35: 1 | F35: 5 | G35: 7020000 | H35: =+ROUND(G35*0.19,0) -> 1333800 | I35: =ROUND((G35+H35),0) -> 8353800 | J35: =ROUND(I35*E35*F35,0) -> 41769000 | K35: =+E35*G35*F35 -> 35100000 | L35: =+E35*F35*H35 -> 6669000
C36: AUXILIAR MASIVO CUENTE CON COMPUTADOR, CUENTA DE CORREO, PISTOLA LECTORA Y ESCANER. | D36: APOYO OPERATIVO / COBRO MENSUAL | E36: 1 | F36: 5 | G36: 5200000 | H36: =+ROUND(G36*0.19,0) -> 988000 | I36: =ROUND((G36+H36),0) -> 6188000 | J36: =ROUND(I36*E36*F36,0) -> 30940000 | K36: =+E36*G36*F36 -> 26000000 | L36: =+E36*F36*H36 -> 4940000
A37: 22 | B37: GESTIÓN DE IMPRESIÓN MASIVA | C37: RECIBOS DE PAGO DE CRÉDITOS: IMPRESIÓN EN PAPEL LASER DE 75 GRS, PRE-IMPRESO A 4X4 TINTA IMPRESIÓN VARIABLE DÚPLEX | D37: HOJA/COBRO MENSUAL | E37: 66866 | F37: 5 | G37: 255 | H37: =+ROUND(G37*0.19,0) -> 48 | I37: =ROUND((G37+H37),0) -> 303 | J37: =ROUND(I37*E37*F37,0) -> 101301990 | K37: =+E37*G37*F37 -> 85254150 | L37: =+E37*F37*H37 -> 16047840
A38: 23 | B38: GESTIÓN DE IMPRESIÓN MASIVA | C38: PROYECCIÓN ANUAL DE PAGOS (EL ENVÍO SE REALIZA CON LA FACTURA DE CRÉDITO DEL MES DE ENERO): IMPRESIÓN EN PAPEL LASER DE 75 GRS, PRE-IMPRESO A 4X4 TINTA IMPRESIÓN VARIABLE DÚPLEX | D38: HOJA/COBRO MENSUAL | E38: 11161 | F38: 5 | G38: 255 | H38: =+ROUND(G38*0.19,0) -> 48 | I38: =ROUND((G38+H38),0) -> 303 | J38: =ROUND(I38*E38*F38,0) -> 16908915 | K38: =+E38*G38*F38 -> 14230275 | L38: =+E38*F38*H38 -> 2678640
A39: 24 | B39: GESTIÓN DE IMPRESIÓN MASIVA | C39: IMPRESIÓN DE SOBRES PARA FACTURAS DE CRÉDITOS:SOBRE MEDIA CARTA, IMPRESIÓN A 4X0 TINTAS, ARMADO TROQUELADO PARA MASIVOS. | D39: SOBRE/COBRO MENSUAL | E39: 65000 | F39: 5 | G39: 410 | H39: =+ROUND(G39*0.19,0) -> 78 | I39: =ROUND((G39+H39),0) -> 488 | J39: =ROUND(I39*E39*F39,0) -> 158600000 | K39: =+E39*G39*F39 -> 133250000 | L39: =+E39*F39*H39 -> 25350000
A40: 25 | B40: GESTIÓN DE IMPRESIÓN MASIVA | C40: EXTRACTOS DE CESANTÍAS Y AVC: IMPRESIÓN EN PAPEL LASER 75 GR, PRE-IMPRESO 4X4 FULL COLOR, DÚPLEX, TAMAÑO OFICIO Y/O CARTA, AUTOENSOBRADO. | D40: EXTRACTO/COBRO MENSUAL | E40: 86659 | F40: 5 | G40: 272 | H40: =+ROUND(G40*0.19,0) -> 52 | I40: =ROUND((G40+H40),0) -> 324 | J40: =ROUND(I40*E40*F40,0) -> 140387580 | K40: =+E40*G40*F40 -> 117856240 | L40: =+E40*F40*H40 -> 22531340
A41: 26 | B41: GESTIÓN DE IMPRESIÓN MASIVA | C41: EXTRACTOS REPORTE ANUAL DE COSTOS: IMPRESIÓN EN PAPEL LASER 75 GR, PRE-IMPRESO 4X4 FULL COLOR, DÚPLEX, TAMAÑO OFICIO Y/O CARTA, AUTOENSOBRADO. | D41: EXTRACTO/COBRO MENSUAL | E41: 30830 | F41: 5 | G41: 272 | H41: =+ROUND(G41*0.19,0) -> 52 | I41: =ROUND((G41+H41),0) -> 324 | J41: =ROUND(I41*E41*F41,0) -> 49944600 | K41: =+E41*G41*F41 -> 41928800 | L41: =+E41*F41*H41 -> 8015800
B42: GESTIÓN DE IMPRESIÓN MASIVA | C42: HABEAS DATA: IMPRESIÓN EN PAPEL LASER DE 75 GRS IMPRESIÓN VARIABLE SIMPLEX. | D42: HOJA/COBRO MENSUAL | E42: 20124 | F42: 5 | G42: 210 | H42: =+ROUND(G42*0.19,0) -> 40 | I42: =ROUND((G42+H42),0) -> 250 | J42: =ROUND(I42*E42*F42,0) -> 25155000 | K42: =+E42*G42*F42 -> 21130200 | L42: =+E42*F42*H42 -> 4024800
B43: GESTIÓN DE IMPRESIÓN MASIVA | C43: PÓLIZAS: SEMESTRAL. IMPRESIÓN EN PAPEL LASER DE 75 GRS, PRE-IMPRESO A 4X4 TINTA IMPRESIÓN VARIABLE DÚPLEX. | D43: POLIZA/COBRO SEMESTRAL | E43: 360550 | F43: 1 | G43: 255 | H43: =+ROUND(G43*0.19,0) -> 48 | I43: =ROUND((G43+H43),0) -> 303 | J43: =ROUND(I43*E43*F43,0) -> 109246650 | K43: =+E43*G43*F43 -> 91940250 | L43: =+E43*F43*H43 -> 17306400
B44: ALISTAMIENTO | C44: SE REALIZA POR HOJA EFECTIVAMENTE IMPRESA, ESTE SERVICIO | D44: HOJA/COBRO MENSUAL | E44: 451385 | F44: 5 | G44: 145 | H44: =+ROUND(G44*0.19,0) -> 28 | I44: =ROUND((G44+H44),0) -> 173 | J44: =ROUND(I44*E44*F44,0) -> 390448025 | K44: =+E44*G44*F44 -> 327254125 | L44: =+E44*F44*H44 -> 63193900
A45: 27 | B45: DISTIRBUCIÓN MASIVA | C45: URBANA | D45: SOBRE/COBRO MENSUAL | E45: 76646 | F45: 5 | G45: 2185 | H45: 0 | I45: =ROUND((G45+H45),0) -> 2185 | J45: =ROUND(I45*E45*F45,0) -> 837357550 | K45: =+E45*G45*F45 -> 837357550 | L45: =+E45*F45*H45 -> 0
A46: 28 | B46: DISTIRBUCIÓN MASIVA | C46: NACIONAL | D46: SOBRE/COBRO MENSUAL | E46: 109634 | F46: 5 | G46: 3040 | H46: 0 | I46: =ROUND((G46+H46),0) -> 3040 | J46: =ROUND(I46*E46*F46,0) -> 1666436800 | K46: =+E46*G46*F46 -> 1666436800 | L46: =+E46*F46*H46 -> 0
A47: 29 | B47: DISTIRBUCIÓN MASIVA | C47: REGIONAL | D47: SOBRE/COBRO MENSUAL | E47: 8186 | F47: 5 | G47: 2855 | H47: 0 | I47: =ROUND((G47+H47),0) -> 2855 | J47: =ROUND(I47*E47*F47,0) -> 116855150 | K47: =+E47*G47*F47 -> 116855150 | L47: =+E47*F47*H47 -> 0
A48: 30 | B48: DISTIRBUCIÓN MASIVA | C48: TRAYECTO ESPECIAL | D48: SOBRE/COBRO MENSUAL | E48: 4907 | F48: 5 | G48: 9010 | H48: 0 | I48: =ROUND((G48+H48),0) -> 9010 | J48: =ROUND(I48*E48*F48,0) -> 221060350 | K48: =+E48*G48*F48 -> 221060350 | L48: =+E48*F48*H48 -> 0
A49: VALOR TOTAL INCLUIDO IVA | J49: =SUM(J13:J48) -> 8805489860 | K49: =SUM(K13:K48) -> 8006349890 | L49: =SUM(L13:L48) -> 799139970
A50: Adicionalmente, declaro: a) Que los valores registrados en la presente oferta económica incluyen todos los costos, impuestos, gastos y erogaciones en los que incurra para el cumplimiento, cabal e íntegro cumplimiento de la presente propuesta, y por lo tanto EL FONDO NACIONAL DEL AHORRO no deberá reconocernos ningún valor adicional al que hemos registrado en la presente oferta, y por ningún concepto y no serán aumentados en ninguna forma durante la ejecución del contrato. b) Que he leído cuidadosamente los documentos del FNA y elaboré mi propuesta ajustada a los mismos. c) Que nos comprometemos a proveer al FONDO NACIONAL DEL AHORRO, en caso de resultar aceptada la presente, todos los servicios que hacen parte de la ofertar, la justificación de la necesidad y a garantizar la calidad de estos. d) Manifestamos que hemos realizado el examen completo y cuidadoso, y que hemos investigado plenamente las condiciones del contrato que nos comprometemos a ejecutar, así como los riesgos que del mismo se derivan y declaramos que se encuentra bajo nuestra responsabilidad y es nuestra especialidad técnica el conocimiento detallado de los servicios objeto de la presente contratación y en general que conocemos todos los factores determinantes de los costos de ejecución del contrato a suscribir, los cuales se encuentran incluidos en los términos de nuestra propuesta. e) Que los valores registrados en la presente oferta económica contienen las condiciones y especificaciones técnicas descritas en los documentos del proceso. f) Que durante la ejecución del contrato no se incrementaran los valores o tasas ofertadas g) Autorizo al FONDO NACIONAL DEL AHORRO a efectuar la verificación aritmética de las operaciones que se registran en la presente oferta económica, y en caso de presentarse error, le solicito que para todos los efectos legales asuma el valor corregido como valor propuesto. h) Que los valores aquí contemplados, obedecen a una estructura de costos y proyecciones estimadas para las vigencias requeridas (años estimados de ejecución: 2025 y 2026, teniendo en cuenta todas las variables que pueden afectar los precios, tales como los índices de inflación (IPC), salarios, TRM, cambios en la reglamentación gubernamental, entre otros, según aplique.
B52: Firma Representante legal
B53: Nombre:

Sheet COT 2026 
A1: FONDO NACIONAL DEL AHORRO S.A.
A2: FORMATO COTIZACIÓN
A3: Descripción del Proceso: | C3: Prestación de los servicios de administración para el manejo integral de la mensajería interna, externa y/o transporte de objetos y/o piezas postales y demás servicios conexos para la adecuada administración documental del Fondo Nacional del Ahorro S.A.
A4: Nombre del Oferente
A5: NIT
A6: Representante Legal
A7: C.C
A8: 1. El valor de la oferta económica deber ser expresado en PESOS COLOMBIANOS. 2. Asignar valor en la casilla "Valor Unitario antes de IVA". El " Valor del IVA" corresponde con la regulación tributaria vigente. 3. El oferente deberá tener en cuenta todos los gravámenes, impuestos tasas y demás contribuciones para la estimación del presupuesto. 4. No modificar, agregar o quitar ningún ítem o sub-ítem, so pena de encontrarse inmerso en causal de rechazo. 5. Todos los valores deberán estar ajustados al peso, es decir, sin decimales. Para el efecto, se aplicará la formula redondeo de Excel. 6. No podrá superar los precios unitarios techo o valor unitario de referencia establecidos por la entidad ni tampoco podra ser cero (0) so pena de rechazo por encontrarse inmerso en causal de rechazo. 7. No podrá superar el Presupuesto Oficial Estimado so pena de encontrarse inmerso en causal de rechazo. NOTA • El contratista deberá prever la proyección del presupuesto para el plazo de ejecución del contrato. El FNA no asumirán los costos adicionales generados por el IPC de los años subsiguientes o cualquier otro sistema de actualización de precios; en el caso que exista reglamentación gubernamental de incrementos salariales durante la ejecución del contrato, éstos deben ser contemplados por el contratista dentro del valor de la ofertado. • Tiempo estimado de ejecución: 12 meses. • Los precios ofertados se deberán mantener durante la ejecución del contrato independientemente de la fecha de inicio de ejecución del contrato.
A12: ITEM | B12: ACTIVIDAD | C12: ITEM | D12: UNIDAD DE MEDIDA | E12: CANT ESTIMADA CONTRATO | F12: PLAZO | G12: VALOR UNITARIO ANTES DE IVA | H12: VALOR DEL IVA | I12: VALOR UNITARIO INCLUIDO IVA | J12: V/TOTAL INCLUIDO IVA | K12: VALOR SIN IVA | L12: IVA
A13: 1 | B13: MENSAJERIA | C13: URBANO | D13: SOBRE MEDIA CARTA Y/O CARTA/COBRO MENSUAL | E13: =854 -> 854 | F13: 7 | G13: 11842.4 | H13: 0 | I13: 11842 | J13: =ROUND(I13*E13*F13,0) -> 70791476 | K13: =+E13*G13*F13 -> 70793867 | L13: =+E13*F13*H13 -> 0
A14: 2 | B14: MENSAJERIA | C14: NACIONAL | D14: SOBRE MEDIA CARTA Y/O CARTA/COBRO MENSUAL | E14: =1547 -> 1547 | F14: 7 | G14: 19073.6 | H14: 0 | I14: 19074 | J14: =ROUND(I14*E14*F14,0) -> 206552346 | K14: =+E14*G14*F14 -> 2.0654801e+08 | L14: =+E14*F14*H14 -> 0
A15: 3 | B15: MENSAJERIA | C15: REGIONAL | D15: SOBRE MEDIA CARTA Y/O CARTA/COBRO MENSUAL | E15: 107 | F15: 7 | G15: 17606.4 | H15: 0 | I15: 17606 | J15: =ROUND(I15*E15*F15,0) -> 13186894 | K15: =+E15*G15*F15 -> 13187194 | L15: =+E15*F15*H15 -> 0
A16: 4 | B16: MENSAJERIA | C16: TRAYECTO ESPECIAL | D16: SOBRE MEDIA CARTA Y/O CARTA/COBRO MENSUAL | E16: 160 | F16: 7 | G16: 37204 | H16: 0 | I16: 37204 | J16: =ROUND(I16*E16*F16,0) -> 41668480 | K16: =+E16*G16*F16 -> 41668480 | L16: =+E16*F16*H16 -> 0
A17: 5 | B17: MENSAJERIA | C17: INTERNACIONAL | D17: SOBRE MEDIA CARTA Y/O CARTA/COBRO MENSUAL | E17: 4 | F17: 7 | G17: 324880 | H17: 0 | I17: 324880 | J17: =ROUND(I17*E17*F17,0) -> 9096640 | K17: =+E17*G17*F17 -> 9096640 | L17: =+E17*F17*H17 -> 0
A18: 6 | B18: SERVICIO DE TULAS | C18: URBANO (INCLUYE RECEPCIÓN DE TULA EN EL PUNTO DE ATENCIÓN, TRANSPORTE A SITIO DESTINO, LA ENTREGA EFECTIVA DE LA TULA CON SU RESPECTIVO PRECINTO DE SEGURIDAD Y LA GUIA, SE DEBE CONTAR CON EL STOCK DE TULAS NECESARIO PARA LA PRESTACIÓN DEL SERVICIO) | D18: TULA (0 a 25KG PROMEDIO) / COBRO MENSUAL | E18: =144 -> 144 | F18: 7 | G18: 113184 | H18: 0 | I18: 113184 | J18: =ROUND(I18*E18*F18,0) -> 114089472 | K18: =+E18*G18*F18 -> 114089472 | L18: =+E18*F18*H18 -> 0
A19: 7 | B19: SERVICIO DE TULAS | C19: NACIONAL (INCLUYE RECEPCIÓN DE TULA EN EL PUNTO DE ATENCIÓN, TRANSPORTE A SITIO DESTINO, LA ENTREGA EFECTIVA DE LA TULA CON SU RESPECTIVO PRECINTO DE SEGURIDAD Y LA GUIA, SE DEBE CONTAR CON EL STOCK DE TULAS NECESARIO PARA LA PRESTACIÓN DEL SERVICIO) | D19: TULA (0 a 25KG PROMEDIO) / COBRO MENSUAL | E19: =474+80 -> 554 | F19: 7 | G19: 138336 | H19: 0 | I19: 138336 | J19: =ROUND(I19*E19*F19,0) -> 536467008 | K19: =+E19*G19*F19 -> 536467008 | L19: =+E19*F19*H19 -> 0
A20: 8 | B20: SERVICIO DE TULAS | C20: REGIONAL (INCLUYE RECEPCIÓN DE TULA EN EL PUNTO DE ATENCIÓN, TRANSPORTE A SITIO DESTINO, LA ENTREGA EFECTIVA DE LA TULA CON SU RESPECTIVO PRECINTO DE SEGURIDAD Y LA GUIA, SE DEBE CONTAR CON EL STOCK DE TULAS NECESARIO PARA LA PRESTACIÓN DEL SERVICIO) | D20: TULA (0 a 25KG PROMEDIO) / COBRO MENSUAL | E20: =22 -> 22 | F20: 7 | G20: 125760 | H20: 0 | I20: 125760 | J20: =ROUND(I20*E20*F20,0) -> 19367040 | K20: =+E20*G20*F20 -> 19367040 | L20: =+E20*F20*H20 -> 0
A21: 9 | B21: SERVICIO DE TULAS | C21: TRAYECTO ESPECIAL (INCLUYE RECEPCIÓN DE TULA EN EL PUNTO DE ATENCIÓN, TRANSPORTE A SITIO DESTINO, LA ENTREGA EFECTIVA DE LA TULA CON SU RESPECTIVO PRECINTO DE SEGURIDAD Y LA GUIA, SE DEBE CONTAR CON EL STOCK DE TULAS NECESARIO PARA LA PRESTACIÓN DEL SERVICIO) | D21: TULA (0 a 25KG PROMEDIO) / COBRO MENSUAL | E21: 79 | F21: 7 | G21: 314400 | H21: 0 | I21: 314400 | J21: =ROUND(I21*E21*F21,0) -> 173863200 | K21: =+E21*G21*F21 -> 173863200 | L21: =+E21*F21*H21 -> 0
A22: 10 | B22: MENSAJEROS POR DIA PARA DILIGENCIAS NOTARIALES E IMPUESTOS | C22: NACIONAL - DILIGENCIAS POR DÍA PARA NOTARIAS Y PRESENTACION DE IMPUESTOS A NIVEL NACIONAL. NO INCLUYE A LA CIUDAD DE BOGOTÁ NI EL DEPARTAMENTO DE CUNDINAMARCA | D22: TOTAL DE DÍAS MENSAJERO/COBRO POR DILIGENCIA | E22: 12 | F22: 7 | G22: 291344 | H22: 0 | I22: 291344 | J22: =ROUND(I22*E22*F22,0) -> 24472896 | K22: =+E22*G22*F22 -> 24472896 | L22: =+E22*F22*H22 -> 0
A23: 11 | B23: MENSAJEROS POR DIA PARA DILIGENCIAS NOTARIALES E IMPUESTOS | C23: REGIONAL - DILIGENCIAS POR DÍA PARA NOTARIAS Y PRESENTACION DE IMPUESTOS A NIVEL NACIONAL. NO INCLUYE A LA CIUDAD DE BOGOTÁ NI EL DEPARTAMENTO DE CUNDINAMARCA | D23: TOTAL DE DÍAS MENSAJERO/COBRO POR DILIGENCIA | E23: 1 | F23: 7 | G23: 282960 | H23: 0 | I23: 282960 | J23: =ROUND(I23*E23*F23,0) -> 1980720 | K23: =+E23*G23*F23 -> 1980720 | L23: =+E23*F23*H23 -> 0
A24: 12 | B24: MENSAJEROS POR DIA PARA DILIGENCIAS NOTARIALES E IMPUESTOS | C24: TRAYECTOS ESPECIALES - DILIGENCIAS POR DÍA PARA NOTARIAS Y PRESENTACION DE IMPUESTOS A NIVEL NACIONAL. NO INCLUYE A LA CIUDAD DE BOGOTÁ NI EL DEPARTAMENTO DE CUNDINAMARCA. | D24: TOTAL DE DÍAS MENSAJERO/COBRO POR DILIGENCIA | E24: 1 | F24: 7 | G24: 298680 | H24: 0 | I24: 298680 | J24: =ROUND(I24*E24*F24,0) -> 2090760 | K24: =+E24*G24*F24 -> 2090760 | L24: =+E24*F24*H24 -> 0
A25: 13 | B25: APOYO A FERIAS INMOBILIARIAS | C25: REGIONAL (ASISTENCIA A EVENTUALES DILIGENCIAS DE FERIAS INMOBILIARIAS, ACTIVIDAD QUE INCLUYE LOS GASTOS ASOCIADOS AL TRASLADO A LA FERIA) | D25: TOTAL DE DÍAS ASISTENCIA/COBRO POR TURNO | E25: 1 | F25: 7 | G25: 529240 | H25: 100556 | I25: 629796 | J25: =ROUND(I25*E25*F25,0) -> 4408572 | K25: =+E25*G25*F25 -> 3704680 | L25: =+E25*F25*H25 -> 703892
A26: 14 | C26: NACIONAL (ASISTENCIA A EVENTUALES DILIGENCIAS DE FERIAS INMOBILIARIAS, ACTIVIDAD QUE INCLUYE LOS GASTOS ASOCIADOS AL TRASLADO A LA FERIA) | D26: TOTAL DE DÍAS ASISTENCIA/COBRO POR TURNO | E26: 1 | F26: 7 | G26: 618320 | H26: 117481 | I26: 735801 | J26: =ROUND(I26*E26*F26,0) -> 5150607 | K26: =+E26*G26*F26 -> 4328240 | L26: =+E26*F26*H26 -> 822367
A27: 15 | C27: TRAYECTO ESPECIAL (ASISTENCIA A EVENTUALES DILIGENCIAS DE FERIAS INMOBILIARIAS, ACTIVIDAD QUE INCLUYE LOS GASTOS ASOCIADOS AL TRASLADO A LA FERIA) | D27: TOTAL DE DÍAS ASISTENCIA/COBRO POR TURNO | E27: 1 | F27: 7 | G27: 869840 | H27: 165270 | I27: 1035110 | J27: =ROUND(I27*E27*F27,0) -> 7245770 | K27: =+E27*G27*F27 -> 6088880 | L27: =+E27*F27*H27 -> 1156890
A28: 16 | B28: APOYO RADICACIÓN SEDE PRINCIPAL | C28: LÍDERES DE RADICACIÓN / COORDINADOR QUE CUENTE CON EQUIPO DE CÓMPUTO, CUENTAS DE CORREO ELECTRÓNICO, 1 ESCÁNER, 1 IMPRESORA TÉRMICA, 1 PISTOLAS LECTORAS Y PAPELERÍA NECESARIA PARA LA OPERACIÓN. | D28: APOYO RADICACIÓN/COBRO MENSUAL | E28: 3 | F28: 7 | G28: 8646000 | H28: 1642740 | I28: 10288740 | J28: =ROUND(I28*E28*F28,0) -> 216063540 | K28: =+E28*G28*F28 -> 181566000 | L28: =+E28*F28*H28 -> 34497540
C29: TÉCNICO DE SOPORTE QUE CUENTE CON EQUIPO DE CÓMPUTO PORTATIL. | D29: APOYO RADICACIÓN/COBRO MENSUAL | E29: 1 | F29: 7 | G29: 7126400 | H29: 1354016 | I29: 8480416 | J29: =ROUND(I29*E29*F29,0) -> 59362912 | K29: =+E29*G29*F29 -> 49884800 | L29: =+E29*F29*H29 -> 9478112
C30: AUXILIARES DE RADICACIÓN, TÉCNICOS DE RADICACIÓN, 1 IMPRESORA, 5 ESCÁNER, 8 IMPRESORA TÉRMICA, 4 PISTOLAS LECTORAS Y PAPELERÍA NECESARIA PARA LA OPERACIÓN.. | D30: APOYO RADICACIÓN/COBRO MENSUAL | E30: 25 | F30: 7 | G30: 5481040 | H30: 1041398 | I30: 6522438 | J30: =ROUND(I30*E30*F30,0) -> 1141426650 | K30: =+E30*G30*F30 -> 959182000 | L30: =+E30*F30*H30 -> 182244650
A31: 17 | B31: APOYO CENTROS DE RADICACIÓN | C31: APOYO EN LOS CENTROS DE RADICACIÓN EN LOS PUNTOS DE ATENCIÓN: BOGOTÁ: CNA Y PUNTO ANGEL CAN, SUBA, SOACHA, MEDELLÍN, VIVA BARRANQUILLA, BUCARAMANGA, CALI AMÉRICAS, CALI GUADALUPE, PEREIRA, GIRARDOT, VILLAVICENCIO, MAYORCA (MEDELLÍN), VALLEDUPAR, SANTA MARTA, TUNJA, CÚCUTA, NEIVA, SOLEDAD, IBAGUÉ, MANIZALES, CARTAGENA, POPAYÁN, PASTO, APARTADO, MONTERÍA. INCLUYE AUXILIARES DE RADICACIÓN QUE CUENTEN CON EQUIPO DE CÓMPUTO, CUENTAS DE CORREO ELECTRÓNICO, IMPRESORA, ESCÁNER, IMPRESORA TÉRMICA, PISTOLA LECTORA Y PAPELERÍA NECESARIA PARA LA OPERACIÓN. | D31: APOYO RADICACIÓN/COBRO MENSUAL | E31: 49 | F31: 7 | G31: 5481040 | H31: 1041398 | I31: 6522438 | J31: =ROUND(I31*E31*F31,0) -> 2237196234 | K31: =+E31*G31*F31 -> 1879996720 | L31: =+E31*F31*H31 -> 357199514
A32: 18 | B32: MOTORIZADOS | C32: URBANO - MENSAJEROS MOTORIZADOS TIEMPO COMPLETO PARA BOGOTA Y SUS ALREDEDORES | D32: MOTORIZADO/COBRO MENSUAL | E32: 5 | F32: 7 | G32: 5711600 | H32: 0 | I32: 5711600 | J32: =ROUND(I32*E32*F32,0) -> 199906000 | K32: =+E32*G32*F32 -> 199906000 | L32: =+E32*F32*H32 -> 0
A33: 19 | B33: APOYO A LA GESTIÓN DOCUMENTAL | C33: ARCHIVO CENTRAL SEDE SAN DIEGO PERSONAL: PERSONAL QUE GESTIONARÁ LAS TRANSFERENCIAS, PRESTAMOS DOCUMENTALES, AUXILIARES DE ARCHIVO QUE INCLUYA EQUIPO DE CÓMPUTO, 1 IMPRESORA, CUENTAS DE CORREO ELECTRÓNICO, EPP (BOTAS, BATA, GUANTES Y TAPABOCAS) Y PAPELERÍA NECESARIA PARA LA OPERACIÓN. SE REQUIERE DE FORMA MINIMA 1 ESCANER PARA TODO EL EQUIPO QUE APOYARÁ LAS ACTIVIDADES REQUERIDAS EN EL PUNTO 2 ANEXO TÉCNICO No 1. | D33: APOYO GD/ COBRO MENSUAL | E33: 41 | F33: 3 | G33: 5260960 | H33: 999582 | I33: 6260542 | J33: =ROUND(I33*E33*F33,0) -> 770046666 | K33: =+E33*G33*F33 -> 647098080 | L33: =+E33*F33*H33 -> 122948586
A34: 19 | B34: APOYO A LA GESTIÓN DOCUMENTAL | C34: ARCHIVO CENTRAL SEDE SAN DIEGO PERSONAL: PERSONAL QUE GESTIONARÁ LAS TRANSFERENCIAS, PRESTAMOS DOCUMENTALES, AUXILIARES DE ARCHIVO QUE INCLUYA EQUIPO DE CÓMPUTO, 1 IMPRESORA, CUENTAS DE CORREO ELECTRÓNICO, EPP (BOTAS, BATA, GUANTES Y TAPABOCAS) Y PAPELERÍA NECESARIA PARA LA OPERACIÓN. SE REQUIERE DE FORMA MINIMA 1 ESCANER PARA TODO EL EQUIPO QUE APOYARÁ LAS ACTIVIDADES REQUERIDAS EN EL PUNTO 2 ANEXO TÉCNICO No 1. | D34: APOYO GD/ COBRO MENSUAL | E34: 20 | F34: 4 | G34: 5260960 | H34: 999582 | I34: 6260542 | J34: =ROUND(I34*E34*F34,0) -> 500843360 | K34: =+E34*G34*F34 -> 420876800 | L34: =+E34*F34*H34 -> 79966560
A35: 20 | B35: APOYO A LA GESTIÓN DOCUMENTAL | C35: ARCHIVO DE GESTIÓN SEDE PRINCIPAL.PERSONAL QUE GESTIONARÁ LAS TRANSFERENCIAS, PRESTAMOS DOCUMENTALES, AUXILIARES DE ARCHIVO QUE INCLUYA EQUIPO DE CÓMPUTO, 1 IMPRESORA, 1 ESCÁNER, CUENTAS DE CORREO ELECTRÓNICO, EPP (BOTAS, BATA, GUANTES Y TAPABOCAS) Y PAPELERÍA NECESARIA PARA LA OPERACIÓN. REQUERIDA EN EL PUNTO 2 ANEXO TÉCNICO No 1 | D35: APOYO GD/ COBRO MENSUAL | E35: 7 | F35: 7 | G35: 5260960 | H35: 999582 | I35: 6260542 | J35: =ROUND(I35*E35*F35,0) -> 306766558 | K35: =+E35*G35*F35 -> 257787040 | L35: =+E35*F35*H35 -> 48979518
A36: 21 | B36: APOYO MASIVOS | C36: ANALISTA MASIVO QUE CUENTE CON COMPUTADOR, CUENTA DE CORREO Y PISTOLA LECTORA | D36: APOYO OPERATIVO / COBRO MENSUAL | E36: 1 | F36: 7 | G36: 7356960 | H36: 1397822 | I36: 8754782 | J36: =ROUND(I36*E36*F36,0) -> 61283474 | K36: =+E36*G36*F36 -> 51498720 | L36: =+E36*F36*H36 -> 9784754
C37: AUXILIAR MASIVO CUENTE CON COMPUTADOR, CUENTA DE CORREO, PISTOLA LECTORA Y ESCANER. | D37: APOYO OPERATIVO / COBRO MENSUAL | E37: 1 | F37: 7 | G37: 5449600 | H37: 1035424 | I37: 6485024 | J37: =ROUND(I37*E37*F37,0) -> 45395168 | K37: =+E37*G37*F37 -> 38147200 | L37: =+E37*F37*H37 -> 7247968
A38: 22 | B38: GESTIÓN DE IMPRESIÓN MASIVA | C38: RECIBOS DE PAGO DE CRÉDITOS: IMPRESIÓN EN PAPEL LASER DE 75 GRS, PRE-IMPRESO A 4X4 TINTA IMPRESIÓN VARIABLE DÚPLEX | D38: HOJA/COBRO MENSUAL | E38: 66866 | F38: 7 | G38: 267.24 | H38: 51 | I38: 318 | J38: =ROUND(I38*E38*F38,0) -> 148843716 | K38: =+E38*G38*F38 -> 1.2508489e+08 | L38: =+E38*F38*H38 -> 23871162
A39: 23 | B39: GESTIÓN DE IMPRESIÓN MASIVA | C39: PROYECCIÓN ANUAL DE PAGOS (EL ENVÍO SE REALIZA CON LA FACTURA DE CRÉDITO DEL MES DE ENERO): IMPRESIÓN EN PAPEL LASER DE 75 GRS, PRE-IMPRESO A 4X4 TINTA IMPRESIÓN VARIABLE DÚPLEX | D39: HOJA/COBRO MENSUAL | E39: 11161 | F39: 7 | G39: 267.24 | H39: 51 | I39: 318 | J39: =ROUND(I39*E39*F39,0) -> 24844386 | K39: =+E39*G39*F39 -> 20878659 | L39: =+E39*F39*H39 -> 3984477
A40: 24 | B40: GESTIÓN DE IMPRESIÓN MASIVA | C40: IMPRESIÓN DE SOBRES PARA FACTURAS DE CRÉDITOS:SOBRE MEDIA CARTA, IMPRESIÓN A 4X0 TINTAS, ARMADO TROQUELADO PARA MASIVOS. | D40: SOBRE/COBRO MENSUAL | E40: 65000 | F40: 7 | G40: 429.68 | H40: 82 | I40: 512 | J40: =ROUND(I40*E40*F40,0) -> 232960000 | K40: =+E40*G40*F40 -> 195504400 | L40: =+E40*F40*H40 -> 37310000
A41: 25 | B41: GESTIÓN DE IMPRESIÓN MASIVA | C41: EXTRACTOS DE CESANTÍAS Y AVC: IMPRESIÓN EN PAPEL LASER 75 GR, PRE-IMPRESO 4X4 FULL COLOR, DÚPLEX, TAMAÑO OFICIO Y/O CARTA, AUTOENSOBRADO. | D41: EXTRACTO/COBRO MENSUAL | E41: 86659 | F41: 7 | G41: 285.056 | H41: 54 | I41: 339 | J41: =ROUND(I41*E41*F41,0) -> 205641807 | K41: =+E41*G41*F41 -> 1.7291868e+08 | L41: =+E41*F41*H41 -> 32757102
A42: 26 | B42: GESTIÓN DE IMPRESIÓN MASIVA | C42: EXTRACTOS REPORTE ANUAL DE COSTOS: IMPRESIÓN EN PAPEL LASER 75 GR, PRE-IMPRESO 4X4 FULL COLOR, DÚPLEX, TAMAÑO OFICIO Y/O CARTA, AUTOENSOBRADO. | D42: EXTRACTO/COBRO MENSUAL | E42: 30830 | F42: 7 | G42: 285.056 | H42: 54 | I42: 339 | J42: =ROUND(I42*E42*F42,0) -> 73159590 | K42: =+E42*G42*F42 -> 61517935 | L42: =+E42*F42*H42 -> 11653740
B43: GESTIÓN DE IMPRESIÓN MASIVA | C43: HABEAS DATA: IMPRESIÓN EN PAPEL LASER DE 75 GRS IMPRESIÓN VARIABLE SIMPLEX. | D43: HOJA/COBRO MENSUAL | E43: 20124 | F43: 7 | G43: 220.08 | H43: 42 | I43: 262 | J43: =ROUND(I43*E43*F43,0) -> 36907416 | K43: =+E43*G43*F43 -> 31002229 | L43: =+E43*F43*H43 -> 5916456
B44: GESTIÓN DE IMPRESIÓN MASIVA | C44: PÓLIZAS: SEMESTRAL. IMPRESIÓN EN PAPEL LASER DE 75 GRS, PRE-IMPRESO A 4X4 TINTA IMPRESIÓN VARIABLE DÚPLEX. | D44: POLIZA/COBRO SEMESTRAL | E44: 360550 | F44: 1 | G44: 267.24 | H44: 51 | I44: 318 | J44: =ROUND(I44*E44*F44,0) -> 114654900 | K44: =+E44*G44*F44 -> 96353382 | L44: =+E44*F44*H44 -> 18388050
B45: ALISTAMIENTO | C45: SE REALIZA POR HOJA EFECTIVAMENTE IMPRESA, ESTE SERVICIO | D45: HOJA/COBRO MENSUAL | E45: 451385 | F45: 7 | G45: 151.96 | H45: 29 | I45: 181 | J45: =ROUND(I45*E45*F45,0) -> 571904795 | K45: =+E45*G45*F45 -> 4.8014725e+08 | L45: =+E45*F45*H45 -> 91631155
A46: 27 | B46: DISTIRBUCIÓN MASIVA | C46: URBANA | D46: SOBRE/COBRO MENSUAL | E46: 76646 | F46: 7 | G46: 2289.88 | H46: 0 | I46: 2290 | J46: =ROUND(I46*E46*F46,0) -> 1228635380 | K46: =+E46*G46*F46 -> 1.228571e+09 | L46: =+E46*F46*H46 -> 0
A47: 28 | B47: DISTIRBUCIÓN MASIVA | C47: NACIONAL | D47: SOBRE/COBRO MENSUAL | E47: 109634 | F47: 7 | G47: 3185.92 | H47: 0 | I47: 3186 | J47: =ROUND(I47*E47*F47,0) -> 2445057468 | K47: =+E47*G47*F47 -> 2.4449961e+09 | L47: =+E47*F47*H47 -> 0
A48: 29 | B48: DISTIRBUCIÓN MASIVA | C48: REGIONAL | D48: SOBRE/COBRO MENSUAL | E48: 8186 | F48: 7 | G48: 2992.04 | H48: 0 | I48: 2992 | J48: =ROUND(I48*E48*F48,0) -> 171447584 | K48: =+E48*G48*F48 -> 1.7144988e+08 | L48: =+E48*F48*H48 -> 0
A49: 30 | B49: DISTIRBUCIÓN MASIVA | C49: TRAYECTO ESPECIAL | D49: SOBRE/COBRO MENSUAL | E49: 4907 | F49: 7 | G49: 9442.48 | H49: 0 | I49: 9442 | J49: =ROUND(I49*E49*F49,0) -> 324323258 | K49: =+E49*G49*F49 -> 3.2433975e+08 | L49: =+E49*F49*H49 -> 0
A50: VALOR TOTAL INCLUIDO IVA | J50: =SUM(J13:J49) -> 12347102743 | K50: =SUM(K13:K49) -> 1.1266455e+10 | L50: =SUM(L13:L49) -> 1080542493
A51: Adicionalmente, declaro: a) Que los valores registrados en la presente oferta económica incluyen todos los costos, impuestos, gastos y erogaciones en los que incurra para el cumplimiento, cabal e íntegro cumplimiento de la presente propuesta, y por lo tanto EL FONDO NACIONAL DEL AHORRO no deberá reconocernos ningún valor adicional al que hemos registrado en la presente oferta, y por ningún concepto y no serán aumentados en ninguna forma durante la ejecución del contrato. b) Que he leído cuidadosamente los documentos del FNA y elaboré mi propuesta ajustada a los mismos. c) Que nos comprometemos a proveer al FONDO NACIONAL DEL AHORRO, en caso de resultar aceptada la presente, todos los servicios que hacen parte de la ofertar, la justificación de la necesidad y a garantizar la calidad de estos. d) Manifestamos que hemos realizado el examen completo y cuidadoso, y que hemos investigado plenamente las condiciones del contrato que nos comprometemos a ejecutar, así como los riesgos que del mismo se derivan y declaramos que se encuentra bajo nuestra responsabilidad y es nuestra especialidad técnica el conocimiento detallado de los servicios objeto de la presente contratación y en general que conocemos todos los factores determinantes de los costos de ejecución del contrato a suscribir, los cuales se encuentran incluidos en los términos de nuestra propuesta. e) Que los valores registrados en la presente oferta económica contienen las condiciones y especificaciones técnicas descritas en los documentos del proceso. f) Que durante la ejecución del contrato no se incrementaran los valores o tasas ofertadas g) Autorizo al FONDO NACIONAL DEL AHORRO a efectuar la verificación aritmética de las operaciones que se registran en la presente oferta económica, y en caso de presentarse error, le solicito que para todos los efectos legales asuma el valor corregido como valor propuesto. h) Que los valores aquí contemplados, obedecen a una estructura de costos y proyecciones estimadas para las vigencias requeridas (años estimados de ejecución: 2025 y 2026, teniendo en cuenta todas las variables que pueden afectar los precios, tales como los índices de inflación (IPC), salarios, TRM, cambios en la reglamentación gubernamental, entre otros, según aplique.
B53: Firma Representante legal
B54: Nombre:

Sheet COPIA - Estudio de mercado
G2: cot 1 | H2: cot 2 | I2: cot 3 | J2: cot 4 | K2: cot 5 | L2: cot 6 | M2: cot 7 | N2: PROMEDIO | O2: DESV.ESTANDAR | P2: COEF. DE VARIACIÓN | Q2: MIN | R2: MAX | T2: PROMEDIO PODADO (si aplica) | U2: DESVEST | V2: COEF. DE VARIACIÓN | X2: VALORES UNITARIOS DE REFERENCIA
A3: ITEM | B3: ACTIVIDAD | C3: ITEM | D3: UNIDAD DE MEDIDA | E3: CANT ESTIMADA CONTRATO | F3: PLAZO | G3: Valor unitario sin IVA | H3: Valor unitario sin IVA | I3: Valor unitario sin IVA | J3: Valor unitario sin IVA | K3: Valor unitario sin IVA | L3: Valor unitario sin IVA | M3: Valor unitario sin IVA | X3: VALOR UNITARIO SIN IVA | Y3: IVA | Z3: VALOR UNITARIO INCLUIDO IVA | AA3: VALOR TOTAL CON IVA
A4: 1 | B4: MENSAJERIA | C4: URBANO | D4: SOBRE MEDIA CARTA Y/O CARTA/COBRO MENSUAL | E4: 854 | F4: 12 | G4: ='[1]Grupo Kriterion'!G11 -> 14900 | H4: ='[1]Lan Solutions'!G11 -> 13700 | I4: =[1]Digicom!G11 -> 13100 | J4: ='[1]Servicios postales'!G11 -> 13225 | K4: =[1]Rottor!G11 -> 13000 | L4: ='[1]Indra Colombia'!G11 -> 14430 | M4: ='[1]TK Logistica'!G11 -> 14000 | N4: =AVERAGE(G4:M4) -> 13765 | O4: =STDEV(G4:M4) -> 719.83216 | P4: =O4/N4 -> 0.052294381 | Q4: =N4-O4 -> 13045.168 | R4: =N4+O4 -> 14484.832 | T4: =N4 -> 13765 | U4: =O4 -> 719.83216 | V4: =U4/T4 -> 0.052294381 | X4: =+ROUND(AVERAGE(G4,H4,I4,J4,K4,L4,M4),0) -> 13765 | Y4: 0 | Z4: =Y4+X4 -> 13765 | AA4: =ROUND(Z4*E4*F4,0) -> 141063720
A5: 2 | B5: MENSAJERIA | C5: NACIONAL | D5: SOBRE MEDIA CARTA Y/O CARTA/COBRO MENSUAL | E5: 1547 | F5: 12 | G5: ='[1]Grupo Kriterion'!G12 -> 24000 | H5: ='[1]Lan Solutions'!G12 -> 25000 | I5: =[1]Digicom!G12 -> 21300 | J5: ='[1]Servicios postales'!G12 -> 20700 | K5: =[1]Rottor!G12 -> 19200 | L5: ='[1]Indra Colombia'!G12 -> 22200 | M5: ='[1]TK Logistica'!G12 -> 23000 | N5: =AVERAGE(G5:M5) -> 22200 | O5: =STDEV(G5:M5) -> 1990.8122 | P5: =O5/N5 -> 0.089676227 | Q5: =N5-O5 -> 20209.188 | R5: =N5+O5 -> 24190.812 | T5: =N5 -> 22200 | U5: =O5 -> 1990.8122 | V5: =U5/T5 -> 0.089676227 | X5: =+ROUND(AVERAGE(G5,H5,I5,J5,K5,L5,M5),0) -> 22200 | Y5: 0 | Z5: =Y5+X5 -> 22200 | AA5: =ROUND(Z5*E5*F5,0) -> 412120800
A6: 3 | B6: MENSAJERIA | C6: REGIONAL | D6: SOBRE MEDIA CARTA Y/O CARTA/COBRO MENSUAL | E6: 107 | F6: 12 | G6: ='[1]Grupo Kriterion'!G13 -> 20800 | H6: ='[1]Lan Solutions'!G13 -> 22100 | I6: =[1]Digicom!G13 -> 19900 | J6: ='[1]Servicios postales'!G13 -> 18400 | K6: =[1]Rottor!G13 -> 17900 | L6: ='[1]Indra Colombia'!G13 -> 19980 | M6: ='[1]TK Logistica'!G13 -> 21000 | N6: =AVERAGE(G6:M6) -> 20011.429 | O6: =STDEV(G6:M6) -> 1473.6285 | P6: =O6/N6 -> 0.073639345 | Q6: =N6-O6 -> 18537.8 | R6: =N6+O6 -> 21485.057 | T6: =N6 -> 20011.429 | U6: =O6 -> 1473.6285 | V6: =U6/T6 -> 0.073639345 | X6: =+ROUND(AVERAGE(G6,H6,I6,J6,K6,L6,M6),0) -> 20011 | Y6: 0 | Z6: =Y6+X6 -> 20011 | AA6: =ROUND(Z6*E6*F6,0) -> 25694124
A7: 4 | B7: MENSAJERIA | C7: TRAYECTO ESPECIAL | D7: SOBRE MEDIA CARTA Y/O CARTA/COBRO MENSUAL | E7: 160 | F7: 12 | G7: ='[1]Grupo Kriterion'!G14 -> 47000 | H7: ='[1]Lan Solutions'!G14 -> 45000 | I7: =[1]Digicom!G14 -> 44800 | J7: ='[1]Servicios postales'!G14 -> 39100 | K7: =[1]Rottor!G14 -> 38000 | L7: ='[1]Indra Colombia'!G14 -> 46620 | M7: ='[1]TK Logistica'!G14 -> 42000 | N7: =AVERAGE(G7:M7) -> 43217.143 | O7: =STDEV(G7:M7) -> 3587.5791 | P7: =O7/N7 -> 0.083012871 | Q7: =N7-O7 -> 39629.564 | R7: =N7+O7 -> 46804.722 | T7: =N7 -> 43217.143 | U7: =O7 -> 3587.5791 | V7: =U7/T7 -> 0.083012871 | X7: =+ROUND(AVERAGE(G7,H7,I7,J7,K7,L7,M7),0) -> 43217 | Y7: 0 | Z7: =Y7+X7 -> 43217 | AA7: =ROUND(Z7*E7*F7,0) -> 82976640
A8: 5 | B8: MENSAJERIA | C8: INTERNACIONAL | D8: SOBRE MEDIA CARTA Y/O CARTA/COBRO MENSUAL | E8: 4 | F8: 12 | G8: ='[1]Grupo Kriterion'!G15 -> 450000 | H8: ='[1]Lan Solutions'!G15 -> 500000 | I8: =[1]Digicom!G15 -> 783100 | J8: ='[1]Servicios postales'!G15 -> 345000 | K8: =[1]Rottor!G15 -> 330000 | L8: ='[1]Indra Colombia'!G15 -> 444222 | M8: ='[1]TK Logistica'!G15 -> 400000 | N8: =AVERAGE(G8:M8) -> 464617.43 | O8: =STDEV(G8:M8) -> 152707.95 | P8: =O8/N8 -> 0.32867461 | Q8: =N8-O8 -> 311909.48 | R8: =N8+O8 -> 617325.38 | T8: =AVERAGE(G8,H8,J8,K8,L8,M8) -> 411537 | U8: =STDEV(G8,H8,J8,K8,L8,M8) -> 65699.271 | V8: =U8/T8 -> 0.15964366 | X8: =+ROUND(GEOMEAN(G8,H8,J8,K8,L8,M8),0) -> 407095 | Y8: 0 | Z8: =Y8+X8 -> 407095 | AA8: =ROUND(Z8*E8*F8,0) -> 19540560
A9: 6 | B9: SERVICIO DE TULAS | C9: URBANO (INCLUYE RECEPCIÓN DE TULA EN EL PUNTO DE ATENCIÓN, TRANSPORTE A SITIO DESTINO, LA ENTREGA EFECTIVA DE LA TULA CON SU RESPECTIVO PRECINTO DE SEGURIDAD Y LA GUIA, SE DEBE CONTAR CON EL STOCK DE TULAS NECESARIO PARA LA PRESTACIÓN DEL SERVICIO) | D9: TULA (0 a 25KG PROMEDIO) / COBRO MENSUAL | E9: 144 | F9: 12 | G9: ='[1]Grupo Kriterion'!G16 -> 146000 | H9: ='[1]Lan Solutions'!G16 -> 140000 | I9: =[1]Digicom!G16 -> 129900 | J9: ='[1]Servicios postales'!G16 -> 126500 | K9: =[1]Rottor!G16 -> 124000 | L9: ='[1]Indra Colombia'!G16 -> 333000 | M9: ='[1]TK Logistica'!G16 -> 135000 | N9: =AVERAGE(G9:M9) -> 162057.14 | O9: =STDEV(G9:M9) -> 75767.888 | P9: =O9/N9 -> 0.4675381 | Q9: =N9-O9 -> 86289.255 | R9: =N9+O9 -> 237825.03 | T9: =AVERAGEIFS(G9:M9,G9:M9,">"&Q9,G9:M9,"<"&R9) -> 133566.67 | U9: =STDEV(G9,H9,I9,J9:K9,M9) -> 8401.5872 | V9: =U9/T9 -> 0.062901825 | X9: =+ROUND(AVERAGE(G9,H9,I9,J9,K9,M9),0) -> 133567 | Y9: 0 | Z9: =Y9+X9 -> 133567 | AA9: =ROUND(Z9*E9*F9,0) -> 230803776
A10: 7 | B10: SERVICIO DE TULAS | C10: NACIONAL (INCLUYE RECEPCIÓN DE TULA EN EL PUNTO DE ATENCIÓN, TRANSPORTE A SITIO DESTINO, LA ENTREGA EFECTIVA DE LA TULA CON SU RESPECTIVO PRECINTO DE SEGURIDAD Y LA GUIA, SE DEBE CONTAR CON EL STOCK DE TULAS NECESARIO PARA LA PRESTACIÓN DEL SERVICIO) | D10: TULA (0 a 25KG PROMEDIO) / COBRO MENSUAL | E10: 554 | F10: 12 | G10: ='[1]Grupo Kriterion'!G17 -> 190000 | H10: ='[1]Lan Solutions'!G17 -> 180000 | I10: =[1]Digicom!G17 -> 177200 | J10: ='[1]Servicios postales'!G17 -> 149500 | K10: =[1]Rottor!G17 -> 147000 | L10: ='[1]Indra Colombia'!G17 -> 333000 | M10: ='[1]TK Logistica'!G17 -> 160000 | N10: =AVERAGE(G10:M10) -> 190957.14 | O10: =STDEV(G10:M10) -> 64673.123 | P10: =O10/N10 -> 0.33867873 | Q10: =N10-O10 -> 126284.02 | R10: =N10+O10 -> 255630.27 | T10: =AVERAGEIFS(G10:M10,G10:M10,">"&Q10,G10:M10,"<"&R10) -> 167283.33 | U10: =STDEV(G10,H10,I10,J10,K10,M10) -> 17645.443 | V10: =U10/T10 -> 0.10548237 | X10: =+ROUND(GEOMEAN(G10,H10,J10,K10,I10,M10),0) -> 166505 | Y10: 0 | Z10: =Y10+X10 -> 166505 | AA10: =ROUND(Z10*E10*F10,0) -> 1106925240
A11: 8 | B11: SERVICIO DE TULAS | C11: REGIONAL (INCLUYE RECEPCIÓN DE TULA EN EL PUNTO DE ATENCIÓN, TRANSPORTE A SITIO DESTINO, LA ENTREGA EFECTIVA DE LA TULA CON SU RESPECTIVO PRECINTO DE SEGURIDAD Y LA GUIA, SE DEBE CONTAR CON EL STOCK DE TULAS NECESARIO PARA LA PRESTACIÓN DEL SERVICIO) | D11: TULA (0 a 25KG PROMEDIO) / COBRO MENSUAL | E11: 22 | F11: 12 | G11: ='[1]Grupo Kriterion'!G18 -> 180000 | H11: ='[1]Lan Solutions'!G18 -> 174000 | I11: =[1]Digicom!G18 -> 139700 | J11: ='[1]Servicios postales'!G18 -> 138000 | K11: =[1]Rottor!G18 -> 135000 | L11: ='[1]Indra Colombia'!G18 -> 333000 | M11: ='[1]TK Logistica'!G18 -> 155000 | N11: =AVERAGE(G11:M11) -> 179242.86 | O11: =STDEV(G11:M11) -> 70094.076 | P11: =O11/N11 -> 0.39105645 | Q11: =N11-O11 -> 109148.78 | R11: =N11+O11 -> 249336.93 | T11: =AVERAGEIFS(G11:M11,G11:M11,">"&Q11,G11:M11,"<"&R11) -> 153616.67 | U11: =STDEV(G11,H11,I11,J11,K11,M11) -> 19481.316 | V11: =U11/T11 -> 0.12681772 | X11: =+ROUND(GEOMEAN(G11,H11,J11,K11,I11,M11),0) -> 152614 | Y11: 0 | Z11: =Y11+X11 -> 152614 | AA11: =ROUND(Z11*E11*F11,0) -> 40290096
A12: 9 | B12: SERVICIO DE TULAS | C12: TRAYECTO ESPECIAL (INCLUYE RECEPCIÓN DE TULA EN EL PUNTO DE ATENCIÓN, TRANSPORTE A SITIO DESTINO, LA ENTREGA EFECTIVA DE LA TULA CON SU RESPECTIVO PRECINTO DE SEGURIDAD Y LA GUIA, SE DEBE CONTAR CON EL STOCK DE TULAS NECESARIO PARA LA PRESTACIÓN DEL SERVICIO) | D12: TULA (0 a 25KG PROMEDIO) / COBRO MENSUAL | E12: 79 | F12: 12 | G12: ='[1]Grupo Kriterion'!G19 -> 420000 | H12: ='[1]Lan Solutions'!G19 -> 390000 | I12: =[1]Digicom!G19 -> 347200 | J12: ='[1]Servicios postales'!G19 -> 345000 | K12: =[1]Rottor!G19 -> 320000 | L12: ='[1]Indra Colombia'!G19 -> 333000 | M12: ='[1]TK Logistica'!G19 -> 400000 | N12: =AVERAGE(G12:M12) -> 365028.57 | O12: =STDEV(G12:M12) -> 37949.164 | P12: =O12/N12 -> 0.10396217 | Q12: =N12-O12 -> 327079.41 | R12: =N12+O12 -> 402977.74 | T12: =N12 -> 365028.57 | U12: =O12 -> 37949.164 | V12: =U12/T12 -> 0.10396217 | X12: =+ROUND(AVERAGE(G12,H12,I12,J12,K12,L12,M12),0) -> 365029 | Y12: 0 | Z12: =Y12+X12 -> 365029 | AA12: =ROUND(Z12*E12*F12,0) -> 346047492
A13: 10 | B13: MENSAJEROS POR DIA PARA DILIGENCIAS NOTARIALES E IMPUESTOS | C13: NACIONAL - DILIGENCIAS POR DÍA PARA NOTARIAS Y PRESENTACION DE IMPUESTOS A NIVEL NACIONAL. NO INCLUYE A LA CIUDAD DE BOGOTÁ NI EL DEPARTAMENTO DE CUNDINAMARCA | D13: TOTAL DE DÍAS MENSAJERO/COBRO POR DILIGENCIA | E13: 12 | F13: 12 | G13: ='[1]Grupo Kriterion'!G20 -> 360000 | H13: ='[1]Lan Solutions'!G20 -> 345000 | I13: =[1]Digicom!G20 -> 320000 | J13: ='[1]Servicios postales'!G20 -> 322000 | K13: =[1]Rottor!G20 -> 310000 | L13: ='[1]Indra Colombia'!G20 -> 321900 | M13: ='[1]TK Logistica'!G20 -> 350000 | N13: =AVERAGE(G13:M13) -> 332700 | O13: =STDEV(G13:M13) -> 18724.227 | P13: =O13/N13 -> 0.056279611 | Q13: =N13-O13 -> 313975.77 | R13: =N13+O13 -> 351424.23 | T13: =N13 -> 332700 | U13: =O13 -> 18724.227 | V13: =U13/T13 -> 0.056279611 | X13: =+ROUND(AVERAGE(G13,H13,I13,J13,K13,L13,M13),0) -> 332700 | Y13: 0 | Z13: =Y13+X13 -> 332700 | AA13: =ROUND(Z13*E13*F13,0) -> 47908800
A14: 11 | B14: MENSAJEROS POR DIA PARA DILIGENCIAS NOTARIALES E IMPUESTOS | C14: REGIONAL - DILIGENCIAS POR DÍA PARA NOTARIAS Y PRESENTACION DE IMPUESTOS A NIVEL NACIONAL. NO INCLUYE A LA CIUDAD DE BOGOTÁ NI EL DEPARTAMENTO DE CUNDINAMARCA | D14: TOTAL DE DÍAS MENSAJERO/COBRO POR DILIGENCIA | E14: 1 | F14: 12 | G14: ='[1]Grupo Kriterion'!G21 -> 355000 | H14: ='[1]Lan Solutions'!G21 -> 330000 | I14: =[1]Digicom!G21 -> 312500 | J14: ='[1]Servicios postales'!G21 -> 316250 | K14: =[1]Rottor!G21 -> 300000 | L14: ='[1]Indra Colombia'!G21 -> 321900 | M14: ='[1]TK Logistica'!G21 -> 340000 | N14: =AVERAGE(G14:M14) -> 325092.86 | O14: =STDEV(G14:M14) -> 18336.494 | P14: =O14/N14 -> 0.056403867 | Q14: =N14-O14 -> 306756.36 | R14: =N14+O14 -> 343429.35 | T14: =N14 -> 325092.86 | U14: =O14 -> 18336.494 | V14: =U14/T14 -> 0.056403867 | X14: =+ROUND(AVERAGE(G14,H14,I14,J14,K14,L14,M14),0) -> 325093 | Y14: 0 | Z14: =Y14+X14 -> 325093 | AA14: =ROUND(Z14*E14*F14,0) -> 3901116
A15: 12 | B15: MENSAJEROS POR DIA PARA DILIGENCIAS NOTARIALES E IMPUESTOS | C15: TRAYECTOS ESPECIALES - DILIGENCIAS POR DÍA PARA NOTARIAS Y PRESENTACION DE IMPUESTOS A NIVEL NACIONAL. NO INCLUYE A LA CIUDAD DE BOGOTÁ NI EL DEPARTAMENTO DE CUNDINAMARCA. | D15: TOTAL DE DÍAS MENSAJERO/COBRO POR DILIGENCIA | E15: 1 | F15: 12 | G15: ='[1]Grupo Kriterion'!G22 -> 405000 | H15: ='[1]Lan Solutions'!G22 -> 430000 | I15: =[1]Digicom!G22 -> 345500 | J15: ='[1]Servicios postales'!G22 -> 333500 | K15: =[1]Rottor!G22 -> 320000 | L15: ='[1]Indra Colombia'!G22 -> 321900 | M15: ='[1]TK Logistica'!G22 -> 450000 | N15: =AVERAGE(G15:M15) -> 372271.43 | O15: =STDEV(G15:M15) -> 54673.263 | P15: =O15/N15 -> 0.14686398 | Q15: =N15-O15 -> 317598.17 | R15: =N15+O15 -> 426944.69 | T15: =N15 -> 372271.43 | U15: =O15 -> 54673.263 | V15: =U15/T15 -> 0.14686398 | X15: =+ROUND(GEOMEAN(G15,J15,K15,L15,I15,H15,M15),0) -> 368923 | Y15: 0 | Z15: =Y15+X15 -> 368923 | AA15: =ROUND(Z15*E15*F15,0) -> 4427076
A16: 13 | B16: APOYO A FERIAS INMOBILIARIAS | C16: REGIONAL (ASISTENCIA A EVENTUALES DILIGENCIAS DE FERIAS INMOBILIARIAS, ACTIVIDAD QUE INCLUYE LOS GASTOS ASOCIADOS AL TRASLADO A LA FERIA) | D16: TOTAL DE DÍAS ASISTENCIA/COBRO POR TURNO | E16: 1 | F16: 12 | G16: ='[1]Grupo Kriterion'!G23 -> 680000 | H16: ='[1]Lan Solutions'!G23 -> 850000 | I16: =[1]Digicom!G23 -> 651300 | J16: ='[1]Servicios postales'!G23 -> 575000 | K16: =[1]Rottor!G23 -> 550000 | L16: ='[1]Indra Colombia'!G23 -> 999000 | M16: ='[1]TK Logistica'!G23 -> 705000 | N16: =AVERAGE(G16:M16) -> 715757.14 | O16: =STDEV(G16:M16) -> 158684.53 | P16: =O16/N16 -> 0.22170163 | Q16: =N16-O16 -> 557072.61 | R16: =N16+O16 -> 874441.67 | T16: =N16 -> 715757.14 | U16: =O16 -> 158684.53 | V16: =U16/T16 -> 0.22170163 | X16: =+ROUND(GEOMEAN(G16,J16,K16,L16,I16,H16,M16),0) -> 701800 | Y16: =+ROUND(X16*0.19,0) -> 133342 | Z16: =Y16+X16 -> 835142 | AA16: =ROUND(Z16*E16*F16,0) -> 10021704
A17: 14 | C17: NACIONAL (ASISTENCIA A EVENTUALES DILIGENCIAS DE FERIAS INMOBILIARIAS, ACTIVIDAD QUE INCLUYE LOS GASTOS ASOCIADOS AL TRASLADO A LA FERIA) | D17: TOTAL DE DÍAS ASISTENCIA/COBRO POR TURNO | E17: 1 | F17: 12 | G17: ='[1]Grupo Kriterion'!G24 -> 880000 | H17: ='[1]Lan Solutions'!G24 -> 905000 | I17: =[1]Digicom!G24 -> 672100 | J17: ='[1]Servicios postales'!G24 -> 690000 | K17: =[1]Rottor!G24 -> 640000 | L17: ='[1]Indra Colombia'!G24 -> 999000 | M17: ='[1]TK Logistica'!G24 -> 795000 | N17: =AVERAGE(G17:M17) -> 797300 | O17: =STDEV(G17:M17) -> 136050.47 | P17: =O17/N17 -> 0.17063899 | Q17: =N17-O17 -> 661249.53 | R17: =N17+O17 -> 933350.47 | T17: =N17 -> 797300 | U17: =O17 -> 136050.47 | V17: =U17/T17 -> 0.17063899 | X17: =+ROUND(GEOMEAN(G17,J17,K17,L17,I17,H17,M17),0) -> 787441 | Y17: =+ROUND(X17*0.19,0) -> 149614 | Z17: =Y17+X17 -> 937055 | AA17: =ROUND(Z17*E17*F17,0) -> 11244660
A18: 15 | C18: TRAYECTO ESPECIAL (ASISTENCIA A EVENTUALES DILIGENCIAS DE FERIAS INMOBILIARIAS, ACTIVIDAD QUE INCLUYE LOS GASTOS ASOCIADOS AL TRASLADO A LA FERIA) | D18: TOTAL DE DÍAS ASISTENCIA/COBRO POR TURNO | E18: 1 | F18: 12 | G18: ='[1]Grupo Kriterion'!G25 -> 1200000 | H18: ='[1]Lan Solutions'!G25 -> 1100000 | I18: =[1]Digicom!G25 -> 958000 | J18: ='[1]Servicios postales'!G25 -> 977500 | K18: =[1]Rottor!G25 -> 880000 | L18: ='[1]Indra Colombia'!G25 -> 999000 | M18: ='[1]TK Logistica'!G25 -> 950000 | N18: =AVERAGE(G18:M18) -> 1009214.3 | O18: =STDEV(G18:M18) -> 106908.78 | P18: =O18/N18 -> 0.10593269 | Q18: =N18-O18 -> 902305.5 | R18: =N18+O18 -> 1116123.1 | T18: =N18 -> 1009214.3 | U18: =O18 -> 106908.78 | V18: =U18/T18 -> 0.10593269 | X18: =+ROUND(GEOMEAN(G18,J18,K18,L18,I18,H18,M18),0) -> 1004559 | Y18: =+ROUND(X18*0.19,0) -> 190866 | Z18: =Y18+X18 -> 1195425 | AA18: =ROUND(Z18*E18*F18,0) -> 14345100
A19: 16 | B19: APOYO RADICACIÓN SEDE PRINCIPAL | C19: LÍDERES DE RADICACIÓN / COORDINADOR QUE CUENTE CON EQUIPO DE CÓMPUTO, CUENTAS DE CORREO ELECTRÓNICO, 1 ESCÁNER, 1 IMPRESORA TÉRMICA, 1 PISTOLAS LECTORAS Y PAPELERÍA NECESARIA PARA LA OPERACIÓN. | D19: APOYO RADICACIÓN/COBRO MENSUAL | E19: 3 | F19: 12 | G19: ='[1]Grupo Kriterion'!G26 -> 9300000 | H19: ='[1]Lan Solutions'!G26 -> 9700000 | I19: =[1]Digicom!G26 -> 9944000 | J19: ='[1]Servicios postales'!G26 -> 9200000 | K19: =[1]Rottor!G26 -> 8900000 | L19: ='[1]Indra Colombia'!G26 -> 11100000 | M19: ='[1]TK Logistica'!G26 -> 10000000 | N19: =AVERAGE(G19:M19) -> 9734857.1 | O19: =STDEV(G19:M19) -> 724687.39 | P19: =O19/N19 -> 0.074442529 | Q19: =N19-O19 -> 9010169.8 | R19: =N19+O19 -> 10459545 | T19: =N19 -> 9734857.1 | U19: =O19 -> 724687.39 | V19: =U19/T19 -> 0.074442529 | X19: =+ROUND(AVERAGE(G19,H19,I19,J19,K19,L19,M19),0) -> 9734857 | Y19: =+ROUND(X19*0.19,0) -> 1849623 | Z19: =Y19+X19 -> 11584480 | AA19: =ROUND(Z19*E19*F19,0) -> 417041280
C20: TÉCNICO DE SOPORTE QUE CUENTE CON EQUIPO DE CÓMPUTO PORTATIL. | D20: APOYO RADICACIÓN/COBRO MENSUAL | E20: 1 | F20: 12 | G20: ='[1]Grupo Kriterion'!G27 -> 8900000 | H20: ='[1]Lan Solutions'!G27 -> 9100000 | I20: =[1]Digicom!G27 -> 8021900 | J20: ='[1]Servicios postales'!G27 -> 7820000 | K20: =[1]Rottor!G27 -> 7500000 | L20: ='[1]Indra Colombia'!G27 -> 8880000 | M20: ='[1]TK Logistica'!G27 -> 9000000 | N20: =AVERAGE(G20:M20) -> 8460271.4 | O20: =STDEV(G20:M20) -> 657562.56 | P20: =O20/N20 -> 0.077723577 | Q20: =N20-O20 -> 7802708.9 | R20: =N20+O20 -> 9117834 | T20: =N20 -> 8460271.4 | U20: =O20 -> 657562.56 | V20: =U20/T20 -> 0.077723577 | X20: =+ROUND(AVERAGE(G20,H20,I20,J20,K20,L20,M20),0) -> 8460271 | Y20: =+ROUND(X20*0.19,0) -> 1607451 | Z20: =Y20+X20 -> 10067722 | AA20: =ROUND(Z20*E20*F20,0) -> 120812664
C21: AUXILIARES DE RADICACIÓN, TÉCNICOS DE RADICACIÓN, 1 IMPRESORA, 5 ESCÁNER, 8 IMPRESORA TÉRMICA, 4 PISTOLAS LECTORAS Y PAPELERÍA NECESARIA PARA LA OPERACIÓN.. | D21: APOYO RADICACIÓN/COBRO MENSUAL | E21: 25 | F21: 12 | G21: ='[1]Grupo Kriterion'!G28 -> 6300000 | H21: ='[1]Lan Solutions'!G28 -> 6700000 | I21: =[1]Digicom!G28 -> 6012800 | J21: ='[1]Servicios postales'!G28 -> 5980000 | K21: =[1]Rottor!G28 -> 5600000 | L21: ='[1]Indra Colombia'!G28 -> 6660000 | M21: ='[1]TK Logistica'!G28 -> 6100000 | N21: =AVERAGE(G21:M21) -> 6193257.1 | O21: =STDEV(G21:M21) -> 392582.39 | P21: =O21/N21 -> 0.063388678 | Q21: =N21-O21 -> 5800674.8 | R21: =N21+O21 -> 6585839.5 | T21: =N21 -> 6193257.1 | U21: =O21 -> 392582.39 | V21: =U21/T21 -> 0.063388678 | X21: =+ROUND(AVERAGE(G21,H21,I21,J21,K21,L21,M21),0) -> 6193257 | Y21: =+ROUND(X21*0.19,0) -> 1176719 | Z21: =Y21+X21 -> 7369976 | AA21: =ROUND(Z21*E21*F21,0) -> 2210992800
A22: 17 | B22: APOYO CENTROS DE RADICACIÓN | C22: APOYO EN LOS CENTROS DE RADICACIÓN EN LOS PUNTOS DE ATENCIÓN: BOGOTÁ: CNA Y PUNTO ANGEL CAN, SUBA, SOACHA, MEDELLÍN, VIVA BARRANQUILLA, BUCARAMANGA, CALI AMÉRICAS, CALI GUADALUPE, PEREIRA, GIRARDOT, VILLAVICENCIO, MAYORCA (MEDELLÍN), VALLEDUPAR, SANTA MARTA, TUNJA, CÚCUTA, NEIVA, SOLEDAD, IBAGUÉ, MANIZALES, CARTAGENA, POPAYÁN, PASTO, APARTADO, MONTERÍA. INCLUYE AUXILIARES DE RADICACIÓN QUE CUENTEN CON EQUIPO DE CÓMPUTO, CUENTAS DE CORREO ELECTRÓNICO, IMPRESORA, ESCÁNER, IMPRESORA TÉRMICA, PISTOLA LECTORA Y PAPELERÍA NECESARIA PARA LA OPERACIÓN. | D22: APOYO RADICACIÓN/COBRO MENSUAL | E22: 49 | F22: 12 | G22: ='[1]Grupo Kriterion'!G29 -> 6400000 | H22: ='[1]Lan Solutions'!G29 -> 6800000 | I22: =[1]Digicom!G29 -> 6012800 | J22: ='[1]Servicios postales'!G29 -> 5980000 | K22: =[1]Rottor!G29 -> 5700000 | L22: ='[1]Indra Colombia'!G29 -> 6660000 | M22: ='[1]TK Logistica'!G29 -> 6200000 | N22: =AVERAGE(G22:M22) -> 6250400 | O22: =STDEV(G22:M22) -> 393120.58 | P22: =O22/N22 -> 0.062895267 | Q22: =N22-O22 -> 5857279.4 | R22: =N22+O22 -> 6643520.6 | T22: =N22 -> 6250400 | U22: =O22 -> 393120.58 | V22: =U22/T22 -> 0.062895267 | X22: =+ROUND(AVERAGE(G22,H22,I22,J22,K22,L22,M22),0) -> 6250400 | Y22: =+ROUND(X22*0.19,0) -> 1187576 | Z22: =Y22+X22 -> 7437976 | AA22: =ROUND(Z22*E22*F22,0) -> 4373529888
A23: 18 | B23: MOTORIZADOS | C23: URBANO - MENSAJEROS MOTORIZADOS TIEMPO COMPLETO PARA BOGOTA Y SUS ALREDEDORES | D23: MOTORIZADO/COBRO MENSUAL | E23: 5 | F23: 12 | G23: ='[1]Grupo Kriterion'!G30 -> 6900000 | H23: ='[1]Lan Solutions'!G30 -> 7000000 | I23: =[1]Digicom!G30 -> 6432800 | J23: ='[1]Servicios postales'!G30 -> 6210000 | K23: =[1]Rottor!G30 -> 6000000 | L23: ='[1]Indra Colombia'!G30 -> 7770000 | M23: ='[1]TK Logistica'!G30 -> 6500000 | N23: =AVERAGE(G23:M23) -> 6687542.9 | O23: =STDEV(G23:M23) -> 593760.55 | P23: =O23/N23 -> 0.088786056 | Q23: =N23-O23 -> 6093782.3 | R23: =N23+O23 -> 7281303.4 | T23: =N23 -> 6687542.9 | U23: =O23 -> 593760.55 | V23: =U23/T23 -> 0.088786056 | X23: =+ROUND(AVERAGE(G23,H23,I23,J23,K23,L23,M23),0) -> 6687543 | Y23: 0 | Z23: =Y23+X23 -> 6687543 | AA23: =ROUND(Z23*E23*F23,0) -> 401252580
A24: 19 | B24: APOYO A LA GESTIÓN DOCUMENTAL | C24: ARCHIVO CENTRAL SEDE SAN DIEGO PERSONAL: PERSONAL QUE GESTIONARÁ LAS TRANSFERENCIAS, PRESTAMOS DOCUMENTALES, AUXILIARES DE ARCHIVO QUE INCLUYA EQUIPO DE CÓMPUTO, 1 IMPRESORA, CUENTAS DE CORREO ELECTRÓNICO, EPP (BOTAS, BATA, GUANTES Y TAPABOCAS) Y PAPELERÍA NECESARIA PARA LA OPERACIÓN. SE REQUIERE DE FORMA MINIMA 1 ESCANER PARA TODO EL EQUIPO QUE APOYARÁ LAS ACTIVIDADES REQUERIDAS EN EL PUNTO 2 ANEXO TÉCNICO No 1. | D24: APOYO GD/ COBRO MENSUAL | E24: 41 | F24: 12 | G24: ='[1]Grupo Kriterion'!G31 -> 6500000 | H24: ='[1]Lan Solutions'!G31 -> 6600000 | I24: =[1]Digicom!G31 -> 7019200 | J24: ='[1]Servicios postales'!G31 -> 5865000 | K24: =[1]Rottor!G31 -> 5500000 | L24: ='[1]Indra Colombia'!G31 -> 7215000 | M24: ='[1]TK Logistica'!G31 -> 6150000 | N24: =AVERAGE(G24:M24) -> 6407028.6 | O24: =STDEV(G24:M24) -> 613190.13 | P24: =O24/N24 -> 0.095705853 | Q24: =N24-O24 -> 5793838.4 | R24: =N24+O24 -> 7020218.7 | T24: =N24 -> 6407028.6 | U24: =O24 -> 613190.13 | V24: =U24/T24 -> 0.095705853 | X24: =+ROUND(AVERAGE(G24,H24,I24,J24,K24,L24,M24),0) -> 6407029 | Y24: =+ROUND(X24*0.19,0) -> 1217336 | Z24: =Y24+X24 -> 7624365 | AA24: =ROUND(Z24*E24*F24,0) -> 3751187580
A25: 20 | B25: APOYO A LA GESTIÓN DOCUMENTAL | C25: ARCHIVO DE GESTIÓN SEDE PRINCIPAL.PERSONAL QUE GESTIONARÁ LAS TRANSFERENCIAS, PRESTAMOS DOCUMENTALES, AUXILIARES DE ARCHIVO QUE INCLUYA EQUIPO DE CÓMPUTO, 1 IMPRESORA, 1 ESCÁNER, CUENTAS DE CORREO ELECTRÓNICO, EPP (BOTAS, BATA, GUANTES Y TAPABOCAS) Y PAPELERÍA NECESARIA PARA LA OPERACIÓN. REQUERIDA EN EL PUNTO 2 ANEXO TÉCNICO No 1 | D25: APOYO GD/ COBRO MENSUAL | E25: 7 | F25: 12 | G25: ='[1]Grupo Kriterion'!G32 -> 6500000 | H25: ='[1]Lan Solutions'!G32 -> 6600000 | I25: =[1]Digicom!G32 -> 7019200 | J25: ='[1]Servicios postales'!G32 -> 5865000 | K25: =[1]Rottor!G32 -> 5500000 | L25: ='[1]Indra Colombia'!G32 -> 7215000 | M25: ='[1]TK Logistica'!G32 -> 6150000 | N25: =AVERAGE(G25:M25) -> 6407028.6 | O25: =STDEV(G25:M25) -> 613190.13 | P25: =O25/N25 -> 0.095705853 | Q25: =N25-O25 -> 5793838.4 | R25: =N25+O25 -> 7020218.7 | T25: =N25 -> 6407028.6 | U25: =O25 -> 613190.13 | V25: =U25/T25 -> 0.095705853 | X25: =+ROUND(AVERAGE(G25,H25,I25,J25,K25,L25,M25),0) -> 6407029 | Y25: =+ROUND(X25*0.19,0) -> 1217336 | Z25: =Y25+X25 -> 7624365 | AA25: =ROUND(Z25*E25*F25,0) -> 640446660
A26: 21 | B26: APOYO MASIVOS | C26: ANALISTA MASIVO QUE CUENTE CON COMPUTADOR, CUENTA DE CORREO Y PISTOLA LECTORA | D26: APOYO OPERATIVO / COBRO MENSUAL | E26: 1 | F26: 12 | G26: ='[1]Grupo Kriterion'!G33 -> 9000000 | H26: ='[1]Lan Solutions'!G33 -> 9100000 | I26: =[1]Digicom!G33 -> 8027200 | J26: ='[1]Servicios postales'!G33 -> 8050000 | K26: =[1]Rottor!G33 -> 7800000 | L26: ='[1]Indra Colombia'!G33 -> 8880000 | M26: ='[1]TK Logistica'!G33 -> 9500000 | N26: =AVERAGE(G26:M26) -> 8622457.1 | O26: =STDEV(G26:M26) -> 653894.69 | P26: =O26/N26 -> 0.075836235 | Q26: =N26-O26 -> 7968562.5 | R26: =N26+O26 -> 9276351.8 | T26: =N26 -> 8622457.1 | U26: =O26 -> 653894.69 | V26: =U26/T26 -> 0.075836235 | X26: =+ROUND(AVERAGE(G26,H26,I26,J26,K26,L26,M26),0) -> 8622457 | Y26: =+ROUND(X26*0.19,0) -> 1638267 | Z26: =Y26+X26 -> 10260724 | AA26: =ROUND(Z26*E26*F26,0) -> 123128688
C27: AUXILIAR MASIVO CUENTE CON COMPUTADOR, CUENTA DE CORREO, PISTOLA LECTORA Y ESCANER. | D27: APOYO OPERATIVO / COBRO MENSUAL | E27: 1 | F27: 12 | G27: ='[1]Grupo Kriterion'!G34 -> 7000000 | H27: ='[1]Lan Solutions'!G34 -> 6800000 | I27: =[1]Digicom!G34 -> 6012800 | J27: ='[1]Servicios postales'!G34 -> 5980000 | K27: =[1]Rottor!G34 -> 5900000 | L27: ='[1]Indra Colombia'!G34 -> 6105000 | M27: ='[1]TK Logistica'!G34 -> 6500000 | N27: =AVERAGE(G27:M27) -> 6328257.1 | O27: =STDEV(G27:M27) -> 439188.57 | P27: =O27/N27 -> 0.069401188 | Q27: =N27-O27 -> 5889068.6 | R27: =N27+O27 -> 6767445.7 | T27: =N27 -> 6328257.1 | U27: =O27 -> 439188.57 | V27: =U27/T27 -> 0.069401188 | X27: =+ROUND(AVERAGE(G27,H27,I27,J27,K27,L27,M27),0) -> 6328257 | Y27: =+ROUND(X27*0.19,0) -> 1202369 | Z27: =Y27+X27 -> 7530626 | AA27: =ROUND(Z27*E27*F27,0) -> 90367512
A28: 22 | B28: GESTIÓN DE IMPRESIÓN MASIVA | C28: RECIBOS DE PAGO DE CRÉDITOS: IMPRESIÓN EN PAPEL LASER DE 75 GRS, PRE-IMPRESO A 4X4 TINTA IMPRESIÓN VARIABLE DÚPLEX | D28: HOJA/COBRO MENSUAL | E28: 66866 | F28: 12 | G28: ='[1]Grupo Kriterion'!G35 -> 350 | H28: ='[1]Lan Solutions'!G35 -> 370 | I28: =[1]Digicom!G35 -> 363 | J28: ='[1]Servicios postales'!G35 -> 287 | K28: =[1]Rottor!G35 -> 286 | L28: ='[1]Indra Colombia'!G35 -> 389 | M28: ='[1]TK Logistica'!G35 -> 389 | N28: =AVERAGE(G28:M28) -> 347.71429 | O28: =STDEV(G28:M28) -> 44.04435 | P28: =O28/N28 -> 0.12666822 | Q28: =N28-O28 -> 303.66994 | R28: =N28+O28 -> 391.75864 | T28: =N28 -> 347.71429 | U28: =O28 -> 44.04435 | V28: =U28/T28 -> 0.12666822 | X28: =+ROUND(GEOMEAN(G28,J28,K28,L28,I28,H28,M28),0) -> 345 | Y28: =+ROUND(X28*0.19,0) -> 66 | Z28: =Y28+X28 -> 411 | AA28: =ROUND(Z28*E28*F28,0) -> 329783112
A29: 23 | B29: GESTIÓN DE IMPRESIÓN MASIVA | C29: PROYECCIÓN ANUAL DE PAGOS (EL ENVÍO SE REALIZA CON LA FACTURA DE CRÉDITO DEL MES DE ENERO): IMPRESIÓN EN PAPEL LASER DE 75 GRS, PRE-IMPRESO A 4X4 TINTA IMPRESIÓN VARIABLE DÚPLEX | D29: HOJA/COBRO MENSUAL | E29: 11161 | F29: 12 | G29: ='[1]Grupo Kriterion'!G36 -> 350 | H29: ='[1]Lan Solutions'!G36 -> 370 | I29: =[1]Digicom!G36 -> 363 | J29: ='[1]Servicios postales'!G36 -> 287 | K29: =[1]Rottor!G36 -> 286 | L29: ='[1]Indra Colombia'!G36 -> 389 | M29: ='[1]TK Logistica'!G36 -> 389 | N29: =AVERAGE(G29:M29) -> 347.71429 | O29: =STDEV(G29:M29) -> 44.04435 | P29: =O29/N29 -> 0.12666822 | Q29: =N29-O29 -> 303.66994 | R29: =N29+O29 -> 391.75864 | T29: =N29 -> 347.71429 | U29: =O29 -> 44.04435 | V29: =U29/T29 -> 0.12666822 | X29: =+ROUND(GEOMEAN(G29,J29,K29,L29,I29,H29,M29),0) -> 345 | Y29: =+ROUND(X29*0.19,0) -> 66 | Z29: =Y29+X29 -> 411 | AA29: =ROUND(Z29*E29*F29,0) -> 55046052
A30: 24 | B30: GESTIÓN DE IMPRESIÓN MASIVA | C30: IMPRESIÓN DE SOBRES PARA FACTURAS DE CRÉDITOS:SOBRE MEDIA CARTA, IMPRESIÓN A 4X0 TINTAS, ARMADO TROQUELADO PARA MASIVOS. | D30: SOBRE/COBRO MENSUAL | E30: 65000 | F30: 12 | G30: ='[1]Grupo Kriterion'!G37 -> 470 | H30: ='[1]Lan Solutions'!G37 -> 450 | I30: =[1]Digicom!G37 -> 487 | J30: ='[1]Servicios postales'!G37 -> 517 | K30: =[1]Rottor!G37 -> 500 | L30: ='[1]Indra Colombia'!G37 -> 444 | M30: ='[1]TK Logistica'!G37 -> 440 | N30: =AVERAGE(G30:M30) -> 472.57143 | O30: =STDEV(G30:M30) -> 29.79853 | P30: =O30/N30 -> 0.063056139 | Q30: =N30-O30 -> 442.7729 | R30: =N30+O30 -> 502.36996 | T30: =N30 -> 472.57143 | U30: =O30 -> 29.79853 | V30: =U30/T30 -> 0.063056139 | X30: =+ROUND(AVERAGE(G30,H30,I30,J30,K30,L30,M30),0) -> 473 | Y30: =+ROUND(X30*0.19,0) -> 90 | Z30: =Y30+X30 -> 563 | AA30: =ROUND(Z30*E30*F30,0) -> 439140000
A31: 25 | B31: GESTIÓN DE IMPRESIÓN MASIVA | C31: EXTRACTOS DE CESANTÍAS Y AVC: IMPRESIÓN EN PAPEL LASER 75 GR, PRE-IMPRESO 4X4 FULL COLOR, DÚPLEX, TAMAÑO OFICIO Y/O CARTA, AUTOENSOBRADO. | D31: EXTRACTO/COBRO MENSUAL | E31: 86659 | F31: 12 | G31: ='[1]Grupo Kriterion'!G38 -> 370 | H31: ='[1]Lan Solutions'!G38 -> 390 | I31: =[1]Digicom!G38 -> 360 | J31: ='[1]Servicios postales'!G38 -> 340 | K31: =[1]Rottor!G38 -> 330 | L31: ='[1]Indra Colombia'!G38 -> 344 | M31: ='[1]TK Logistica'!G38 -> 370 | N31: =AVERAGE(G31:M31) -> 357.71429 | O31: =STDEV(G31:M31) -> 20.894292 | P31: =O31/N31 -> 0.05841056 | Q31: =N31-O31 -> 336.81999 | R31: =N31+O31 -> 378.60858 | T31: =N31 -> 357.71429 | U31: =O31 -> 20.894292 | V31: =U31/T31 -> 0.05841056 | X31: =+ROUND(AVERAGE(G31,H31,I31,J31,K31,L31,M31),0) -> 358 | Y31: =+ROUND(X31*0.19,0) -> 68 | Z31: =Y31+X31 -> 426 | AA31: =ROUND(Z31*E31*F31,0) -> 443000808
A32: 26 | B32: GESTIÓN DE IMPRESIÓN MASIVA | C32: EXTRACTOS REPORTE ANUAL DE COSTOS: IMPRESIÓN EN PAPEL LASER 75 GR, PRE-IMPRESO 4X4 FULL COLOR, DÚPLEX, TAMAÑO OFICIO Y/O CARTA, AUTOENSOBRADO. | D32: EXTRACTO/COBRO MENSUAL | E32: 30830 | F32: 12 | G32: ='[1]Grupo Kriterion'!G39 -> 370 | H32: ='[1]Lan Solutions'!G39 -> 390 | I32: =[1]Digicom!G39 -> 360 | J32: ='[1]Servicios postales'!G39 -> 340 | K32: =[1]Rottor!G39 -> 330 | L32: ='[1]Indra Colombia'!G39 -> 344 | M32: ='[1]TK Logistica'!G39 -> 370 | N32: =AVERAGE(G32:M32) -> 357.71429 | O32: =STDEV(G32:M32) -> 20.894292 | P32: =O32/N32 -> 0.05841056 | Q32: =N32-O32 -> 336.81999 | R32: =N32+O32 -> 378.60858 | T32: =N32 -> 357.71429 | U32: =O32 -> 20.894292 | V32: =U32/T32 -> 0.05841056 | X32: =+ROUND(AVERAGE(G32,H32,I32,J32,K32,L32,M32),0) -> 358 | Y32: =+ROUND(X32*0.19,0) -> 68 | Z32: =Y32+X32 -> 426 | AA32: =ROUND(Z32*E32*F32,0) -> 157602960
B33: GESTIÓN DE IMPRESIÓN MASIVA | C33: HABEAS DATA: IMPRESIÓN EN PAPEL LASER DE 75 GRS IMPRESIÓN VARIABLE SIMPLEX. | D33: HOJA/COBRO MENSUAL | E33: 20124 | F33: 12 | G33: ='[1]Grupo Kriterion'!G40 -> 300 | H33: ='[1]Lan Solutions'!G40 -> 260 | I33: =[1]Digicom!G40 -> 396 | J33: ='[1]Servicios postales'!G40 -> 276 | K33: =[1]Rottor!G40 -> 250 | L33: ='[1]Indra Colombia'!G40 -> 222 | M33: ='[1]TK Logistica'!G40 -> 250 | N33: =AVERAGE(G33:M33) -> 279.14286 | O33: =STDEV(G33:M33) -> 56.907611 | P33: =O33/N33 -> 0.20386555 | Q33: =N33-O33 -> 222.23525 | R33: =N33+O33 -> 336.05047 | T33: =N33 -> 279.14286 | U33: =O33 -> 56.907611 | V33: =U33/T33 -> 0.20386555 | X33: =+ROUND(GEOMEAN(G33,J33,K33,L33,I33,H33,M33),0) -> 275 | Y33: =+ROUND(X33*0.19,0) -> 52 | Z33: =Y33+X33 -> 327 | AA33: =ROUND(Z33*E33*F33,0) -> 78966576
B34: GESTIÓN DE IMPRESIÓN MASIVA | C34: PÓLIZAS: SEMESTRAL. IMPRESIÓN EN PAPEL LASER DE 75 GRS, PRE-IMPRESO A 4X4 TINTA IMPRESIÓN VARIABLE DÚPLEX. | D34: POLIZA/COBRO SEMESTRAL | E34: 360550 | F34: 2 | G34: ='[1]Grupo Kriterion'!G41 -> 350 | H34: ='[1]Lan Solutions'!G41 -> 370 | I34: =[1]Digicom!G41 -> 363 | J34: ='[1]Servicios postales'!G41 -> 287 | K34: =[1]Rottor!G41 -> 286 | L34: ='[1]Indra Colombia'!G41 -> 389 | M34: ='[1]TK Logistica'!G41 -> 389 | N34: =AVERAGE(G34:M34) -> 347.71429 | O34: =STDEV(G34:M34) -> 44.04435 | P34: =O34/N34 -> 0.12666822 | Q34: =N34-O34 -> 303.66994 | R34: =N34+O34 -> 391.75864 | T34: =N34 -> 347.71429 | U34: =O34 -> 44.04435 | V34: =U34/T34 -> 0.12666822 | X34: =+ROUND(GEOMEAN(G34,J34,K34,L34,I34,H34,M34),0) -> 345 | Y34: =+ROUND(X34*0.19,0) -> 66 | Z34: =Y34+X34 -> 411 | AA34: =ROUND(Z34*E34*F34,0) -> 296372100
B35: ALISTAMIENTO | C35: SE REALIZA POR HOJA EFECTIVAMENTE IMPRESA, ESTE SERVICIO | D35: HOJA/COBRO MENSUAL | E35: 451385 | F35: 12 | G35: ='[1]Grupo Kriterion'!G42 -> 195 | H35: ='[1]Lan Solutions'!G42 -> 200 | I35: =[1]Digicom!G42 -> 258 | J35: ='[1]Servicios postales'!G42 -> 184 | K35: =[1]Rottor!G42 -> 170 | L35: ='[1]Indra Colombia'!G42 -> 231 | M35: ='[1]TK Logistica'!G42 -> 240 | N35: =AVERAGE(G35:M35) -> 211.14286 | O35: =STDEV(G35:M35) -> 32.240909 | P35: =O35/N35 -> 0.15269713 | Q35: =N35-O35 -> 178.90195 | R35: =N35+O35 -> 243.38377 | T35: =N35 -> 211.14286 | U35: =O35 -> 32.240909 | V35: =U35/T35 -> 0.15269713 | X35: =+ROUND(GEOMEAN(G35,J35,K35,L35,I35,H35,M35),0) -> 209 | Y35: =+ROUND(X35*0.19,0) -> 40 | Z35: =Y35+X35 -> 249 | AA35: =ROUND(Z35*E35*F35,0) -> 1348738380
A36: 27 | B36: DISTIRBUCIÓN MASIVA | C36: URBANA | D36: SOBRE/COBRO MENSUAL | E36: 76646 | F36: 12 | G36: ='[1]Grupo Kriterion'!G43 -> 2600 | H36: ='[1]Lan Solutions'!G43 -> 2700 | I36: =[1]Digicom!G43 -> 2500 | J36: ='[1]Servicios postales'!G43 -> 2530 | K36: =[1]Rottor!G43 -> 2400 | L36: ='[1]Indra Colombia'!G43 -> 2664 | M36: ='[1]TK Logistica'!G43 -> 2500 | N36: =AVERAGE(G36:M36) -> 2556.2857 | O36: =STDEV(G36:M36) -> 104.57806 | P36: =O36/N36 -> 0.040910162 | Q36: =N36-O36 -> 2451.7077 | R36: =N36+O36 -> 2660.8638 | T36: =N36 -> 2556.2857 | U36: =O36 -> 104.57806 | V36: =U36/T36 -> 0.040910162 | X36: =+ROUND(AVERAGE(G36,H36,I36,J36,K36,L36,M36),0) -> 2556 | Y36: 0 | Z36: =Y36+X36 -> 2556 | AA36: =ROUND(Z36*E36*F36,0) -> 2350886112
A37: 28 | B37: DISTIRBUCIÓN MASIVA | C37: NACIONAL | D37: SOBRE/COBRO MENSUAL | E37: 109634 | F37: 12 | G37: ='[1]Grupo Kriterion'!G44 -> 3500 | H37: ='[1]Lan Solutions'!G44 -> 3800 | I37: =[1]Digicom!G44 -> 3900 | J37: ='[1]Servicios postales'!G44 -> 3450 | K37: =[1]Rottor!G44 -> 3400 | L37: ='[1]Indra Colombia'!G44 -> 3885 | M37: ='[1]TK Logistica'!G44 -> 3600 | N37: =AVERAGE(G37:M37) -> 3647.8571 | O37: =STDEV(G37:M37) -> 211.22376 | P37: =O37/N37 -> 0.057903517 | Q37: =N37-O37 -> 3436.6334 | R37: =N37+O37 -> 3859.0809 | T37: =N37 -> 3647.8571 | U37: =O37 -> 211.22376 | V37: =U37/T37 -> 0.057903517 | X37: =+ROUND(AVERAGE(G37,H37,I37,J37,K37,L37,M37),0) -> 3648 | Y37: 0 | Z37: =Y37+X37 -> 3648 | AA37: =ROUND(Z37*E37*F37,0) -> 4799337984
A38: 29 | B38: DISTIRBUCIÓN MASIVA | C38: REGIONAL | D38: SOBRE/COBRO MENSUAL | E38: 8186 | F38: 12 | G38: ='[1]Grupo Kriterion'!G45 -> 3200 | H38: ='[1]Lan Solutions'!G45 -> 3700 | I38: =[1]Digicom!G45 -> 3700 | J38: ='[1]Servicios postales'!G45 -> 3105 | K38: =[1]Rottor!G45 -> 3100 | L38: ='[1]Indra Colombia'!G45 -> 3330 | M38: ='[1]TK Logistica'!G45 -> 3550 | N38: =AVERAGE(G38:M38) -> 3383.5714 | O38: =STDEV(G38:M38) -> 265.3726 | P38: =O38/N38 -> 0.078429733 | Q38: =N38-O38 -> 3118.1988 | R38: =N38+O38 -> 3648.944 | T38: =N38 -> 3383.5714 | U38: =O38 -> 265.3726 | V38: =U38/T38 -> 0.078429733 | X38: =+ROUND(AVERAGE(G38,H38,I38,J38,K38,L38,M38),0) -> 3384 | Y38: 0 | Z38: =Y38+X38 -> 3384 | AA38: =ROUND(Z38*E38*F38,0) -> 332417088
A39: 30 | B39: DISTIRBUCIÓN MASIVA | C39: TRAYECTO ESPECIAL | D39: SOBRE/COBRO MENSUAL | E39: 4907 | F39: 12 | G39: ='[1]Grupo Kriterion'!G46 -> 11000 | H39: ='[1]Lan Solutions'!G46 -> 11500 | I39: =[1]Digicom!G46 -> 10200 | J39: ='[1]Servicios postales'!G46 -> 10350 | K39: =[1]Rottor!G46 -> 10200 | L39: ='[1]Indra Colombia'!G46 -> 10878 | M39: ='[1]TK Logistica'!G46 -> 10000 | N39: =AVERAGE(G39:M39) -> 10589.714 | O39: =STDEV(G39:M39) -> 546.05302 | P39: =O39/N39 -> 0.051564472 | Q39: =N39-O39 -> 10043.661 | R39: =N39+O39 -> 11135.767 | T39: =N39 -> 10589.714 | U39: =O39 -> 546.05302 | V39: =U39/T39 -> 0.051564472 | X39: =+ROUND(AVERAGE(G39,H39,I39,J39,K39,L39,M39),0) -> 10590 | Y39: 0 | Z39: =Y39+X39 -> 10590 | AA39: =ROUND(Z39*E39*F39,0) -> 623581560
R40: VALOR TOTAL INCLUIDO IVA | AA40: =SUM(AA4:AA39) -> 25880943288
